 Dungeon Crawl Stone Soup version 0.30.0-5-g1a98f26d00 (webtiles) character file.

Game seed: 13724397748613030173

14508623 ohados the Petrodigitator (level 27, 220/220 HPs)
             Began as a Gargoyle Earth Elementalist on May 11, 2023.
             Was the Champion of Vehumet.
             Escaped with the Orb
             ... and 15 runes on May 12, 2023!
             The game lasted 10:27:53 (111671 turns).

ohados the Petrodigitator (GrEE)                  Turns: 111671, Time: 10:27:54

Health: 220/220    AC: 60    Str: 16    XL:     27
Magic:  62/72      EV: 24    Int: 35    God:    Vehumet [******]
Gold:   14519      SH: 34    Dex: 11    Spells: 2/80 levels left

rFire   + + +        a - staff of earth "Cushiab" {rElec rF+}
rCold   + . .        H - +8 tower shield of Lugonu's Favour {rCorr Dex+3 Stlth-}
rNeg    + . .        P - +8 fire dragon scales
rPois   ∞            A - +2 helmet {Int+3}
rElec   +            g - +1 cloak "Diteyczo" {rF+ Will+ Regen+}
rCorr   +            N - +0 pair of fencer's gloves {Riposte Dex+3}
SInv    .            O - +2 pair of slick slippers {slick, slippery, EV+4}
Will    +++..        K - amulet of magic regeneration
Stlth   +++          Z - ring of the Octopus King {HP+2 MP+9 AC+2 EV+2 SH+2}
HPRegen 1.36/turn    J - ring "Cekludd" {rC++ MP+9 Str+3}
MPRegen 0.83/turn

%: no passive effects
@: flying, studying 8 skills
A: sickness immunity, AC +20, big wings, negative energy resistance 1,
electricity resistance, torment resistance 1, petrification resistance, clever
1, clumsy 2, robust 1
0: Orb of Zot
}: 15/15 runes: decaying, serpentine, slimy, silver, golden, iron, obsidian,
icy, bone, abyssal, demonic, glowing, magical, fiery, dark
a: Renounce Religion


You escaped.
You worshipped Vehumet.
Vehumet was exalted by your worship.
You visited 18 branches of the dungeon, and saw 87 of its levels.
You visited Pandemonium 1 time, and saw 14 of its levels.
You visited the Abyss 6 times.
You completed 3 ziggurats, and saw 81 of their levels.
You also visited: Trove, Sewer, Ossuary and Gauntlet.

You collected 19498 gold pieces.
You spent 4979 gold pieces at shops.

Inventory:

Hand Weapons
 j - the +8 demon trident "Rift" {distort, reach+}
   (You found it on level 24 of a ziggurat)
 r - the +6 Majin-Bo {spellvamp, MP+6 Int+6}
   (You found it on level 1 of the Crypt)

   Int:       It affects your intelligence (+6).
   MP:        It affects your magic capacity (+6).
 w - the +18 lance "Wyrmbane" {slay drac, rPois rF+ rC+ AC+3}
   (You found it on level 23 of a ziggurat)

   AC:        It affects your AC (+3).
   rF:        It protects you from fire.
   rC:        It protects you from cold.
   rPois:     It protects you from poison.
 I - the +8 trishula "Condemnation" {holy, anguish, *Noise Fly rN+}
   (You found it on level 6 of a ziggurat)

   rN:        It protects you from negative energy.
   Fly:       It grants you flight.
   *Noise:    It may make noises in combat.
 S - the +6 sword of Cerebov {flame}
   (You took it off Cerebov in Pandemonium)
Missiles
 B - 68 silver javelins (quivered)
Armour
 g - the +1 cloak "Diteyczo" (worn) {rF+ Will+ Regen+}
   (You found it in a treasure trove)

   rF:        It protects you from fire.
   Regen:     It increases your rate of health regeneration.
   Will:      It increases your willpower.
 A - a +2 helmet of intelligence (worn)
 H - the +8 tower shield of Lugonu's Favour (worn) {rCorr Dex+3 Stlth-}
   (You took it off a daeva on level 25 of a ziggurat)

   Dex:       It affects your dexterity (+3).
   rCorr:     It protects you from acid and corrosion.
   Stlth:     It makes you less stealthy.
 N - the +0 pair of fencer's gloves (worn) {Riposte Dex+3}
   (You found it on level 15 of a ziggurat)

   Riposte:   It allows the wearer to riposte with melee weapons, swiftly
   retaliating against missed or blocked melee attacks.
   Dex:       It affects your dexterity (+3).
 O - the +2 pair of slick slippers (worn) {slick, slippery, EV+4}
   (You found it on level 10 of a ziggurat)

   Slick:     Its wearer cannot be constricted, engulfed, netted or webbed.
   Slippery:  Its wearer slips away from damaging melee attacks, pulling the
   attacker onward.
   EV:        It affects your evasion (+4).
 P - +8 fire dragon scales (worn)
Magical Staves
 a - the staff of earth "Cushiab" (weapon) {rElec rF+}
   (You found it on level 25 of a ziggurat)

   [staff of earth]

   Base accuracy: +5 Base damage: 5 Base attack delay: 1.2 This weapon's minimum
   attack delay (0.6) is reached at skill level 12.
   rF:        It protects you from fire.
   rElec:     It insulates you from electricity.
   It falls into the 'Staves' category.
   It is a one-handed weapon.
 b - the staff of fire "Wetanusch" {rF+ rN+ Will+ Str+2}
   (You found it on level 7 of Tartarus)

   [staff of fire]

   Base accuracy: +5 Base damage: 5 Base attack delay: 1.2 This weapon's minimum
   attack delay (0.6) is reached at skill level 12.
   Str:       It affects your strength (+2).
   rF:        It protects you from fire.
   rN:        It protects you from negative energy.
   Will:      It increases your willpower.
   It falls into the 'Staves' category.
   It is a one-handed weapon.
 z - the staff of cold "Qeulomn" {+Blink rC+ Str+4}
   (You found it on level 3 of a ziggurat)

   [staff of cold]

   Base accuracy: +5 Base damage: 5 Base attack delay: 1.2 This weapon's minimum
   attack delay (0.6) is reached at skill level 12.
   Str:       It affects your strength (+4).
   rC:        It protects you from cold.
   +Blink:    It lets you blink.
   It falls into the 'Staves' category.
   It is a one-handed weapon.
 E - the staff of earth "Kuphebb" {Str+5}
   (You found it on level 7 of the Iron City of Dis)

   [staff of earth]

   Base accuracy: +5 Base damage: 5 Base attack delay: 1.2 This weapon's minimum
   attack delay (0.6) is reached at skill level 12.
   Str:       It affects your strength (+5).
   It falls into the 'Staves' category.
   It is a one-handed weapon.
Jewellery
 i - the ring "Qoarup" {rPois rF+ rCorr Dex+6 SInv}
   (You found it on level 7 of Cocytus)

   [ring of dexterity]

   Dex:       It affects your dexterity (+6).
   rF:        It protects you from fire.
   rPois:     It protects you from poison.
   SInv:      It lets you see invisible.
   rCorr:     It protects you from acid and corrosion.
 C - the ring of Urura {MP+9 Dex+2 SInv}
   (You found it on level 9 of a ziggurat)

   [ring of magical power]

   Dex:       It affects your dexterity (+2).
   MP:        It affects your magic capacity (+9).
   SInv:      It lets you see invisible.
 J - the ring "Cekludd" (right hand) {rC++ MP+9 Str+3}
   (You found it on level 20 of a ziggurat)

   [ring of magical power]

   Str:       It affects your strength (+3).
   rC:        It greatly protects you from cold.
   MP:        It affects your magic capacity (+9).
 K - an amulet of magic regeneration (around neck)
 Q - the ring "Ytoos Gicyo" {rElec rC++ Will+ Dex+2}
   (You took it off a deep elf archer on level 1 of the Elven Halls)

   [ring of willpower]

   Dex:       It affects your dexterity (+2).
   rC:        It greatly protects you from cold.
   rElec:     It insulates you from electricity.
   Will:      It increases your willpower.
 T - the ring of Lady Luck {rF+ rC- rN+ Int+4 Dex+4}
   (You found it in Pandemonium)

   [ring of positive energy]

   Int:       It affects your intelligence (+4).
   Dex:       It affects your dexterity (+4).
   rF:        It protects you from fire.
   rC:        It makes you vulnerable to cold.
   rN:        It protects you from negative energy.
 Z - a ring of the Octopus King (left hand) {HP+2 MP+9 AC+2 EV+2 SH+2}
   (You found it on level 19 of a ziggurat)

   [ring of magical power]

   AC:        It affects your AC (+2).
   EV:        It affects your evasion (+2).
   HP:        It affects your health (+2).
   MP:        It affects your magic capacity (+9).
   SH:        It affects your SH (+2).
Wands
 y - a wand of quicksilver (190)
 L - a wand of iceblast (276)
 M - a wand of digging (73)
 R - a wand of mindburst (202)
Scrolls
 c - 36 scrolls of fog
 k - 8 scrolls of summoning
 m - 25 scrolls of immolation
 o - 60 scrolls of teleportation
 s - 19 scrolls of magic mapping
 F - 21 scrolls of blinking
 G - 2 scrolls of torment
 Y - 13 scrolls of amnesia
Potions
 d - 11 potions of haste
 e - 5 potions of magic
 h - 19 potions of cancellation
 n - 9 potions of resistance
 q - 43 potions of curing
 t - 16 potions of lignification
 v - 69 potions of mutation
 x - 11 potions of ambrosia
 D - 8 potions of invisibility
 W - 5 potions of heal wounds
 X - 6 potions of brilliance
Miscellaneous
 f - a condenser vane
 l - a lightning rod (4/4)
 p - a phantom mirror
 u - 2 +3 figurines of a ziggurat
 U - a phial of floods
 V - a box of beasts


   Skills:
 O Level 27 Fighting
 - Level 0.8 Short Blades
 - Level 1.0(3.9) Maces & Flails
 - Level 14.6(15.0) Polearms
 - Level 6.1(12.0) Staves
 - Level 15.9 Throwing
 O Level 27 Armour
 - Level 24.9 Dodging
 O Level 27 Stealth
 + Level 26.5 Shields
 O Level 27 Spellcasting
 O Level 27 Conjurations
 - Level 22.8 Necromancy
 - Level 5.0 Translocations
 - Level 19.5 Transmutations
 O Level 27 Fire Magic
 O Level 27 Ice Magic
 - Level 2.5 Air Magic
 O Level 27 Earth Magic
 - Level 1.2 Poison Magic
 O Level 27 Evocations


You had 2 spell levels left.
You knew the following spells:

 Your Spells              Type           Power      Damage    Failure   Level
b - Fire Storm            Conj/Fire      62%        8d16      1%          9
c - Ozocubu's Refrigerat  Ice            62%        4d21      0%          7
d - Iron Shot             Conj/Erth      75%        9d14      0%          6
e - Irradiate             Conj/Tmut      59%        3d31      0%          5
f - Polar Vortex          Ice            62%        N/A       1%          9
g - Borgnjor's Vile Clut  Necr/Erth      73%        N/A       0%          5
h - Ignition              Fire           62%        3d17      1%          8
i - Necromutation         Tmut/Necr      57%        N/A       1%          8
j - Apportation           Tloc           100%       N/A       1%          1
l - Blink                 Tloc           100%       N/A       1%          2
m - Death's Door          Necr           59%        N/A       8%          9
z - Shatter               Erth           75%        3d55*     1%          9

Your spell library contained the following spells:

 Spells                   Type           Power      Damage    Failure   Level
 Beastly Appendage        Tmut           100%       N/A       0%          1
 Foxfire                  Conj/Fire      100%       2x1d9     0%          1
 Freeze                   Ice            100%       1d10      0%          1
 Kiss of Death            Conj/Necr      100%       2d13      0%          1
 Magic Dart               Conj           100%       1d8       0%          1
 Necrotise                Necr           100%       1d9       0%          1
 Sandblast                Erth           100%       2d20      0%          1
 Shock                    Conj/Air       100%       1d9       0%          1
 Sting                    Tmut/Pois      100%       1d8       0%          1
 Ensorcelled Hibernation  Hex/Ice        100%       N/A       0%          2
 Momentum Strike          Conj/Tloc      100%       3d10      0%          2
 Passwall                 Tmut/Erth      100%       N/A       0%          2
 Scorch                   Fire           100%       2d9       0%          2
 Searing Ray              Conj           100%       2d8       0%          2
 Static Discharge         Conj/Air       100%       2-7/arc   0%          2
 Wereblood                Tmut           100%       N/A       0%          2
 Slow                     Hex            100%       N/A       1%          1
 Summon Small Mammal      Summ           100%       N/A       1%          1
 Call Imp                 Summ           94%        N/A       1%          2
 Lesser Beckoning         Tloc           100%       N/A       1%          2
 Poisonous Vapours        Pois/Air       100%       N/A       1%          2
 Dazzling Flash           Conj/Hex       100%       N/A       0%          3
 Frozen Ramparts          Ice            100%       1d16      0%          3
 Hailstorm                Conj/Ice       100%       3d20      0%          3
 Ignite Poison            Fire/Tmut/Pois 100%       N/A       0%          3
 Inner Flame              Hex/Fire       96%        N/A       0%          3
 Ozocubu's Armour         Ice            100%       N/A       0%          3
 Stone Arrow              Conj/Erth      100%       3d13      0%          3
 Vampiric Draining        Necr           100%       2d13      0%          3
 Volatile Blastmotes      Fire/Tloc      100%       2d18      0%          3
 Animate Dead             Necr           100%       N/A       0%          4
 Dispel Undead            Necr           100%       3d31      0%          4
 Flame Wave               Conj/Fire      100%       2d21      0%          4
 Ice Form                 Ice/Tmut       100%       N/A       0%          4
 Iskenderun's Mystic Bla  Conj/Tloc      100%       2d19      0%          4
 Petrify                  Tmut/Erth      100%       N/A       0%          4
 Sticky Flame             Conj/Fire      100%       2d11      0%          4
 Agony                    Necr           100%       N/A       0%          5
 Blade Hands              Tmut           55%        N/A       0%          5
 Fireball                 Conj/Fire      62%        3d24      0%          5
 Freezing Cloud           Conj/Ice/Air   54%        6-21      0%          5
 Iskenderun's Battlesphe  Conj           100%       2d15      0%          5
 Lee's Rapid Deconstruct  Erth           75%        3d34*     0%          5
 Death Channel            Necr           59%        N/A       0%          6
 Simulacrum               Ice/Necr       61%        N/A       0%          6
 Starburst                Conj/Fire      62%        6d16      0%          6
 Orb of Destruction       Conj           62%        9d15      0%          7
 Gell's Gravitas          Tloc           70%        N/A       1%          3
 Mephitic Cloud           Conj/Pois/Air  87%        N/A       1%          3
 Portal Projectile        Hex/Tloc       100%       N/A       1%          3
 Spider Form              Tmut/Pois      88%        N/A       1%          3
 Swiftness                Air            60%        N/A       1%          3
 Teleport Other           Tloc           70%        N/A       1%          3
 Vhi's Electric Charge    Tloc/Air       100%       N/A       1%          3
 Airstrike                Air            30%        2d(5-21)  1%          4
 Anguish                  Hex/Necr       45%        N/A       1%          4
 Animate Armour           Summ/Erth      100%       N/A       1%          4
 Fulminant Prism          Conj/Hex       48%        3d21      1%          4
 Leda's Liquefaction      Hex/Erth       59%        N/A       1%          4
 Manifold Assault         Tloc           70%        N/A       1%          4
 Olgreb's Toxic Radiance  Pois           53%        N/A       1%          4
 Passage of Golubria      Tloc           70%        N/A       1%          4
 Summon Ice Beast         Ice/Summ       96%        N/A       1%          4
 Alistair's Intoxication  Tmut/Pois      58%        N/A       1%          5
 Arcjolt                  Conj/Air       50%        1d60      1%          5
 Metabolic Englaciation   Hex/Ice        48%        N/A       1%          5
 Yara's Violent Unravell  Hex/Tmut       43%        3d17      1%          5
 Conjure Ball Lightning   Conj/Air       50%        3x3d17    1%          6
 Eringya's Noxious Bog    Tmut/Pois      44%        N/A       1%          6
 Plasma Beam              Fire/Air       50%        2x1d71    1%          6
 Dragon Form              Tmut           55%        N/A       1%          7
 Spellforged Servitor     Conj/Summ      48%        N/A       1%          7
 Borgnjor's Revivificati  Necr           59%        N/A       1%          8
 Infestation              Necr           59%        N/A       1%          8
 Lehudib's Crystal Spear  Conj/Erth      75%        10d17     1%          8
 Call Canine Familiar     Summ           47%        N/A       2%          3
 Confusing Touch          Hex            47%        N/A       2%          3
 Summon Guardian Golem    Hex/Summ       47%        N/A       2%          3
 Tukima's Dance           Hex            47%        N/A       2%          3
 Summon Lightning Spire   Summ/Air       54%        N/A       4%          4
 Haunt                    Necr/Summ      45%        N/A       7%          7
 Storm Form               Tmut/Air       45%        N/A       8%          7
 Cause Fear               Hex            23%        N/A       9%          4
 Summon Forest            Summ/Tloc      29%        N/A       9%          5
 Silence                  Hex/Air        27%        N/A       14%         5
 Dispersal                Tloc           35%        N/A       17%         6
 Summon Mana Viper        Hex/Summ       47%        N/A       24%         5
 Chain Lightning          Conj/Air       50%        3d66      45%         9
 Summon Cactus Giant      Summ           23%        N/A       78%         6
 Malign Gateway           Summ/Tloc      29%        N/A       95%         7
 Maxwell's Capacitive Co  Air            30%        ∞         98%         8
 Enfeeble                 Hex            23%        N/A       100%        7
 Monstrous Menagerie      Summ           23%        N/A       100%        7
 Summon Hydra             Summ           23%        N/A       100%        7
 Discord                  Hex            23%        N/A       100%        8
 Disjunction              Tloc           35%        N/A       100%        8
 Summon Horrible Things   Summ           23%        N/A       100%        8
 Dragon's Call            Summ           23%        N/A       100%        9
 Sublimation of Blood     Necr           Unusable   N/A       N/A         2
 Cigotuvi's Dreadful Rot  Necr/Pois/Air  Unusable   N/A       N/A         2
 Statue Form              Tmut/Erth      Unusable   N/A       N/A         6

Dungeon Overview and Level Annotations

Branches:
Dungeon (15/15)            Temple (1/1) D:7            Lair (5/5) D:11
  Swamp (4/4) Lair:2        Snake (4/4) Lair:3        Slime (5/5) Lair:5
    Orc (2/2) D:12            Elf (3/3) Orc:2        Vaults (5/5) D:13
  Crypt (3/3) Vaults:3       Tomb (3/3) Crypt:3      Depths (4/4) D:15
   Hell (visited)             Dis (7/7) Hell            Geh (7/7) Hell
    Coc (7/7) Hell            Tar (7/7) Hell            Zot (5/5) Depths:4
  Sewer (visited)         Ossuary (visited)         Gauntlet (visited)

Altars:
Ashenzari
Cheibriados
Dithmenos
Elyvilon
Fedhas
Gozag
Hepliaklqana
Kikubaaqudgha
Makhleb
Nemelex Xobeh
Qazlal
Ru
Sif Muna
Trog
Uskayaw
Vehumet
Wu Jian
Xom
Yredelemnul
Zin
The Shining One
Jiyva

Shops:
D:15 *   Orc:2 =[?[(   Elf:3 :   Snake:3 *   Vaults:2 ((=   Vaults:3 *[([=
Vaults:4 ?==(   Vaults:5 (   Depths:2 [

Portals:
Hell: Depths:1 Depths:2 Depths:3 Depths:4
Abyss: Depths:2 Depths:3
Pandemonium: Depths:2 Depths:4

Annotations:
D:8 2 transporters, KamiKatze's ghost, novice DECj
Swamp:1 2 transporters, 1 runed translucent door, Qemahefa's ghost, adept GrFi
Swamp:2 1 runed translucent door, Zenkrye's ghost, adept HOFi
Snake:4 Vashnia
Elf:2 3 runed translucent doors
Vaults:4 2 transporters


Innate Abilities, Weirdness & Mutations

You are immune to sickness and miasma.
Your stone body is resilient. (AC +20)
You are immune to poison.
Your large and strong wings let you fly.
You resist negative energy. (rN+)
You are resistant to electric shocks. (rElec)
You are resistant to unholy torment.
You are immune to petrification.
Your mind is acute. (Int +4, Str/Dex -1)
You are very clumsy. (Dex -4)
You are robust. (+10% HP)


Message History

Unknown command.
Casting: Shatter (mildly dangerous; 1% risk of failure)
Confirm with . or Enter, or press ? or * to list all spells.
You feel a surge of power!
The dungeon rumbles!
Fapon is heavily wounded.
The soul eater is lightly wounded.
The ice devil is heavily wounded.
Ka-crash!
Casting: Shatter (mildly dangerous; 1% risk of failure)
Confirm with . or Enter, or press ? or * to list all spells.
You feel a surge of power!
The dungeon rumbles!
Fapon is almost dead.
The soul eater is moderately wounded.
You kill the ice devil!
Vehumet accepts your kill.
You feel your power returning.
Ka-crash!
Casting: Shatter (mildly dangerous; 1% risk of failure)
Confirm with . or Enter, or press ? or * to list all spells.
You feel a surge of power!
The dungeon rumbles!
You kill Fapon!
Vehumet accepts your kill.
You feel your power returning.
The soul eater is moderately wounded.
Ka-crash!
Unknown command.
Casting: Shatter (mildly dangerous; 1% risk of failure)
Confirm with . or Enter, or press ? or * to list all spells.
You feel a surge of power!
The dungeon rumbles!
You kill the soul eater!
Vehumet accepts your kill.
You feel your power returning.
Ka-crash!
A shadow demon comes into view.
There is a staircase leading out of the dungeon here.
You have escaped!

####...## ######## ###.#..##
## #...##..## ..#.### ## .##
#.######.# #.....##.# ..##
#.#....#.###......#.#..#..
#.#.##.#.##.##....#.#.#.#
#.#..#.#..'.......#..#..
#.##.#.##.'.......#.#.#
#....#.##.#..@.......#.#..####
######.##.#...................
#......##.#....#..........####
#.#######.#.#..[....#.....
#.#....##.#........#.#.#..
#.#.##.##.#....#.2...# ..#
#.#..#.##.#.##..#..### #.
#.##.#.##.## ..###..
#....#.##.# #..# ...#


You could see a shadow demon.

Vanquished Creatures
  Cerebov (Pan)
  Antaeus (Coc:7)
  the Royal Jelly (Slime:5)
  Asmodeus (Geh:7)
  Ignacio (Pan)
  31 pandemonium lords
  Ereshkigal (Tar:7)
  Gloorx Vloq (Pan)
  the Serpent of Hell (Geh:7)
  Lom Lobon (Pan)
  Mnoleg (Pan)
  28 dread liches
  Dispater (Dis:7)
  7 orbs of fire
  Mara (Vaults:5)
  17 ancient liches
  Mennas (Tomb:3)
  21 juggernauts
  61 royal mummies
  Sojobo (Vaults:3)
  Frederick (Vaults:4)
  Boris (Vaults:5)
  27 shard shrikes
  Bai Suzhen (Crypt:1)
  Margery (Crypt:3)
  Xtahua (Depths:4)
  5 curse toes
  15 Killer Klowns
  43 caustic shrikes
  Geryon (Hell)
  35 golden dragons
  Jory (Crypt:3)
  10 profane servitors
  25 pearl dragons
  28 bone dragons
  27 Tzitzimimeh
  32 Brimstone Fiends
  23 doom hounds
  An iron giant (shapeshifter) (Zig:26)
  A shard shrike zombie (Crypt:3)
  40 Ice Fiends
  The ghost of Calamarain the Tortoise, an adept GrMo of the Shining One (Vaults:4)
  20 tainted leviathans
  34 iron giants
  36 hellephants
  6 electric golems
  32 liches
  34 tentacled monstrosities
  Asterion (Depths:1)
  63 Hell Sentinels
  28 titans
  28 Orb Guardians
  Mlioglotl (Swamp:2)
  Zenata (Vaults:3)
  A quicksilver dragon (shapeshifter) (Zig:26)
  13 deep elf blademasters
  46 searing wretches
  22 quicksilver dragons
  16 sphinxes
  29 Executioners
  A walking divine tome (Zig:18)
  Grunn (Zot:4)
  A kraken (Swamp:4)
  16 deep elf master archers
  74 acid blobs
  17 tentacled starspawn
  An eldritch tentacle (Pan)
  21 shadow dragons
  4 death cobs
  56 ancient champions
  8 thorn hunters
  An azure jelly (shapeshifter) (Zig:9)
  34 storm dragons
  18 daevas
  30 revenants
  35 rockslimes
  14 tengu reavers
  47 azure jellies
  38 nagarajas
  41 draconian knights
  28 fire giants
  13 demonspawn warmongers
  A fenstrider witch (shapeshifter) (Zig:8)
  31 iron dragons
  Aizul (Snake:1)
  45 draconian monks
  4 fenstrider witches
  A fire giant (shapeshifter) (Zig:9)
  18 quicksilver elementals
  22 frost giants
  41 narguns
  20 deep elf sorcerers
  84 balrugs
  15 vault wardens
  8 shard shrike simulacra
  12 ghost moths
  A ghost moth (shapeshifter) (Zig:26)
  5 deep elf elementalists
  4 spectral caustic shrikes (Depths:4)
  A juggernaut zombie (Zig:27)
  6 emperor scorpions
  28 curse skulls
  12 ironbound preservers
  36 draconian scorchers
  35 draconian shifters
  18 angels
  26 draconian stormcallers
  9 ghouls
  23 orc warlords
  15 demonspawn corrupters
  34 quicksilver oozes
  A quicksilver ooze (shapeshifter) (Zig:9)
  21 cacodemons
  2 caustic shrike skeletons
  20 demonspawn blood saints
  A broodmother (Zig:15)
  25 reapers
  25 very ugly things
  21 green draconians
  21 ophanim
  47 stone giants
  42 draconian annihilators
  14 putrid mouths
  48 war gargoyles
  20 apis
  25 black draconians
  19 elemental wellsprings
  3 juggernaut skeletons
  45 vampire knights
  20 deep elf demonologists
  2 eleionomae (shapeshifter)
  9 ironbound thunderhulks
  12 eleionomae
  Nessos (D:12)
  A spectral titan (Tar:1)
  11 demonspawn black suns
  28 red draconians
  25 white draconians
  14 bennus
  10 dire elephants
  A dire elephant (shapeshifter) (Zig:26)
  24 deep elf annihilators
  A minotaur (Gauntlet)
  29 wendigos
  4 spark wasps
  13 starcursed masses
  15 bunyips
  A spark wasp (shapeshifter) (Zig:26)
  A bunyip (shapeshifter) (Depths:2)
  13 lorocyprocas
  2 pearl dragon zombies (Depths:3)
  25 purple draconians
  34 yellow draconians
  37 eidola
  22 deep elf death magi
  42 iron golems
  2 quicksilver dragon zombies
  25 green deaths
  12 crystal guardians
  A fire dragon (shapeshifter) (Zig:27)
  31 merfolk javelineers
  24 ettins
  26 blizzard demons
  20 fire dragons
  18 jiangshi
  26 mummy priests
  2 spectral quicksilver dragons
  17 great orbs of eyes
  Josephine (D:15)
  16 entropy weavers
  3 spectral spriggans
  The ghost of choppaz the Transmogrifier, a journeyman OpTm of Gozag (Lair:2)
  17 yaktaur captains
  15 merfolk impalers
  14 deep elf high priests
  19 ice dragons
  5 rakshasas
  11 shambling mangroves
  10 spriggan air magi
  2 fenstrider witch zombies (Tomb:3)
  10 hell beasts
  2 ironbound frosthearts
  8 catoblepae
  33 salamander tyrants
  An anaconda (shapeshifter) (Vaults:5)
  8 ghost crabs
  2 spriggan zombies
  31 vault guards
  4 ogre magi
  2 peacekeepers
  4 merfolk avatars
  5 caustic shrike simulacra
  55 hydras
  10 anacondas
  3 death knights
  5 juggernaut simulacra
  8 centaur warriors
  13 tengu warriors
  A two-headed ogre (shapeshifter) (Zig:8)
  An alligator (shapeshifter) (Zig:17)
  2 fenstrider witch skeletons
  10 boulder beetles
  Erica (D:9)
  36 merfolk aquamancers
  2 radroaches (Zig:15)
  2 Orb Guardian skeletons (Crypt:1)
  14 stokers
  11 alligator snapping turtles
  9 two-headed ogres
  12 alligators
  15 naga warriors
  22 hell hogs
  5 death yaks (Lair:5)
  66 dancing weapons
  7 deep troll earth magi
  44 death scarabs
  10 deep troll shamans
  29 vampire magi
  6 holy swine (Pan)
  3 spriggan berserkers
  16 thrashing horrors
  3 storm dragon zombies (Crypt:3)
  2 titan zombies
  17 hell knights
  24 naga sharpshooters
  31 orc high priests
  31 deep elf knights
  24 shock serpents
  A fire crab (shapeshifter) (Vaults:5)
  29 crystal echidnas
  2 skysharks (shapeshifter)
  29 soul eaters
  68 sun demons
  22 spriggans
  20 sixfirhies
  14 wretched stars
  38 shadow wraiths
  7 salamander mystics
  A spectral human (Vaults:4)
  15 skeletal warriors
  4 pharaoh ants
  3 skysharks
  A fire crab (Lair:5)
  25 sea snakes
  37 deep trolls
  Amaemon (D:9)
  3 quicksilver dragon simulacra
  A golden dragon zombie (Crypt:3)
  26 cherubim
  22 death drakes
  9 goliath frogs
  2 deep trolls (shapeshifter)
  2 golden dragon skeletons (Zig:27)
  5 storm dragon skeletons
  17 iron trolls
  2 goliath frogs (shapeshifter)
  11 shadow demons
  5 obsidian statues
  17 flayed ghosts
  10 bog bodies
  A shadow dragon zombie (Crypt:3)
  11 spriggan druids
  12 naga ritualists
  2 spectral anacondas
  A glowing orange brain (shapeshifter) (Zig:8)
  36 swamp dragons
  5 glowing orange brains
  17 ironbound convokers
  14 wizards
  37 deep elf archers
  3 orb spiders (Zig:15)
  9 spriggan simulacra
  5 orange crystal statues
  11 lindwurms
  A steelbarb worm (shapeshifter) (Zig:17)
  3 steelbarb worms (Zig:15)
  43 harpies
  54 deep elf pyromancers
  63 deep elf zephyrmancers
  8 orc knights
  2 sphinx zombies
  20 necromancers
  27 phantasmal warriors
  A fire giant zombie (Zig:6)
  2 iron dragon zombies
  4 tengu skeletons
  17 mana vipers
  22 oklob plants
  2 wolf spiders
  28 shining eyes
  A salamander (shapeshifter) (Vaults:5)
  16 orc sorcerers
  17 cyclopes
  26 manticores
  41 ugly things
  A sphinx skeleton (Vaults:3)
  9 will-o-the-wisps
  2 worldbinders
  A shadow dragon skeleton (Zig:21)
  8 merfolk sirens
  A frost giant zombie (Zig:6)
  39 moths of wrath
  Joseph (D:7)
  3 iron dragon skeletons
  15 salamanders
  A toenail golem (Zig:9)
  7 ice statues
  A spectral centaur (Tar:2)
  59 black mambas
  8 rust devils
  14 vault sentinels
  4 apis skeletons (Depths:3)
  A stone giant skeleton (Zig:6)
  An elephant (shapeshifter) (Zig:26)
  A frost giant skeleton (Zig:5)
  A guardian serpent (shapeshifter) (Zig:12)
  20 guardian serpents
  4 elephants
  11 eyes of devastation
  21 orange demons
  10 apocalypse crabs
  19 torpor snails
  2 storm dragon simulacra (Zig:26)
  5 titan simulacra
  11 molten gargoyles
  10 demonic crawlers
  2 naga zombies
  An elephant slug zombie (Crypt:3)
  A water nymph (shapeshifter) (Zig:26)
  A dire elephant zombie (Tomb:2)
  51 smoke demons
  32 water nymphs
  7 rime drakes
  22 cane toads
  8 gargoyles
  34 naga magi
  2 dire elephant skeletons (Pan)
  A naga skeleton (Pan)
  2 centaur skeletons
  Psyche (D:9)
  43 hellions
  A rime drake (shapeshifter) (Zig:7)
  10 unseen horrors
  16 komodo dragons
  2 bunyip simulacra
  2 kobold demonologists
  4 iron giant simulacra
  31 yaktaurs
  2 golden dragon simulacra
  50 tormentors
  6 efreet
  15 freezing wraiths
  An iron troll skeleton (Crypt:2)
  9 red devils
  7 tengu conjurers
  3 anaconda simulacra
  A spectral naga (Tar:3)
  4 harpy zombies
  2 silent spectres
  79 guardian mummies
  10 ancient zymes
  A queen bee (shapeshifter) (Zig:16)
  6 ice devils
  20 meliai
  2 queen bees
  12 trolls
  A tengu simulacrum (Zig:21)
  12 tyrant leeches
  4 bloated husks
  30 hellwings
  A spectral harpy (Tar:1)
  A wind drake (shapeshifter) (Zig:7)
  14 wind drakes
  88 merfolk
  2 polar bears
  3 harpy skeletons
  40 hornets
  2 sphinx simulacra (Zig:27)
  14 dream sheep
  A shadow dragon simulacrum (Zig:27)
  2 tarantellas (Zig:15)
  3 iron dragon simulacra
  31 blink frogs
  A stone giant simulacrum (Coc:1)
  15 snapping turtles
  A jumping spider (Zig:15)
  A snapping turtle (shapeshifter) (Depths:4)
  18 raiju
  A dream sheep (shapeshifter) (Vaults:1)
  An ettin zombie (Zig:6)
  216 slime creatures
  35 flying skulls
  A spectral black mamba (Tar:1)
  17 vampires
  A jumping spider (shapeshifter) (Depths:4)
  A centaur simulacrum (Coc:1)
  An ettin skeleton (Crypt:1)
  16 air elementals
  7 fire bats
  4 spriggan skeletons
  A yak (shapeshifter) (D:15)
  31 ynoxinuls
  A culicivora (Zig:15)
  43 yaks
  50 large abominations
  24 wyverns
  6 dire elephant simulacra
  15 golden eyes
  3 naga simulacra
  A hog (shapeshifter) (D:14)
  14 wraiths
  12 fire elementals
  A tyrant leech zombie (Crypt:2)
  34 water elementals
  53 ushabtiu
  9 steam dragons
  34 neqoxecs
  A steam dragon (shapeshifter) (Zig:17)
  3 basilisks
  A redback (shapeshifter) (Zig:27)
  A golden eye (shapeshifter) (D:15)
  11 vampire mosquitoes
  18 chaos spawn
  A black mamba skeleton (Crypt:2)
  4 redbacks
  11 wargs
  8 harpy simulacra
  16 swamp worms
  46 nagas
  2 swamp worms (shapeshifter)
  3 glowing shapeshifter zombies
  3 hydra simulacra
  11 acid dragons
  4 floating eyes
  Duvessa (D:5)
  A floating eye (shapeshifter) (Zig:21)
  36 water moccasins
  3 hell hounds
  13 swamp drakes
  91 orc warriors
  2 glowing shapeshifter skeletons
  7 black bears
  A sky beast (D:8)
  An ice beast (D:6)
  A hog zombie (Crypt:2)
  3 ettin simulacra
  20 ogres
  An ice dragon simulacrum (Coc:1)
  An ogre (shapeshifter) (Zig:21)
  12 small abominations
  11 wolves
  17 centaurs
  13 bullfrogs
  An elf zombie (Crypt:3)
  6 kobold brigands
  22 earth elementals
  A gnoll sergeant (D:10)
  3 necrophages
  12 scorpions
  A glowing shapeshifter simulacrum (Vaults:3)
  7 wights
  Dowan (D:5)
  A yak zombie (Crypt:1)
  A cyclops skeleton (Crypt:1)
  A warg skeleton (Crypt:3)
  A human simulacrum (Vaults:3)
  42 killer bees
  A troll skeleton (Crypt:2)
  9 howler monkeys
  A raiju skeleton (Crypt:1)
  3 centaur zombies
  4 electric eels (Lair:2)
  15 crimson imps
  A hound (D:5)
  2 gnoll boudas
  15 orc priests
  4 human zombies
  2 jellies (D:7)
  An iron imp (Abyss:2)
  18 orc wizards
  6 iguanas
  A sleepcap (D:6)
  7 scorpion zombies (Ossuary)
  43 hell rats
  124 mummies
  12 adders
  13 gnolls
  15 river rats
  A steam dragon skeleton (Crypt:2)
  A white imp (D:7)
  3 ufetubi
  A worm zombie (Crypt:2)
  2 worms
  3 dart slugs
  79 orcs
  7 ball pythons
  A bat skeleton (Crypt:3)
  5 endoplasms
  5 giant cockroaches
  7 goblins
  6 hobgoblins
  8 jackals
  33 kobolds
  7 quokkas
  5 bats
  A dart slug zombie (Crypt:1)
  3 frilled lizards
  2 frilled lizard zombies
  2 giant cockroach zombies
  3 gnoll zombies (Ossuary)
  2 goblin zombies (Ossuary)
  4 hobgoblin zombies (Ossuary)
  2 kobold zombies (Ossuary)
  An orc zombie (Ossuary)
  13 rats
  A rat zombie (Crypt:3)
  A river rat zombie (Crypt:3)
  4 ball lightnings (Pan)
  10 creeping infernos
  50 fire vortices
  5 starspawn tentacles
7518 creatures vanquished.

Vanquished Creatures (collateral kills)
  A shard shrike (Coc:7)
  A cacodemon (Zig:24)
  2 vampire knights
  A blizzard demon (Zig:26)
  A soul eater (Pan)
  A storm dragon zombie (Crypt:3)
  A shadow wraith (Zig:19)
  A large abomination (Pan)
  A centaur zombie (Crypt:3)
  3 neqoxecs (Pan)
  A jackal zombie (Crypt:2)
  A quokka zombie (Crypt:3)
15 creatures vanquished.

Vanquished Creatures (others)
  A tentacled monstrosity (Zig:20)
  A draconian knight (Zot:1)
  2 fire giants
  A demonspawn blood saint (Pan)
  A shambling mangrove (Zig:4)
  A stoker (Geh:7)
  A shadow wraith (Vaults:5)
  2 death drakes (Zig:20)
  A spriggan simulacrum (Coc:7)
  A will-o-the-wisp (Zig:20)
  A moth of wrath (Zot:2)
  A black mamba (Lair:5)
  A rime drake (Zig:20)
  A dire elephant simulacrum (Coc:7)
  2 water elementals
  A golden eye (shapeshifter) (Abyss:4)
  5 ball lightnings (Pan)
  291 fire vortices
  12 foxfires
  15 starspawn tentacles
  4 tentacles (Swamp:4)
346 creatures vanquished.

Grand Total: 7879 creatures vanquished

Notes
Turn   | Place    | Note
-------+----------+-------------------------------------------
     0 | D:1      | ohados the Gargoyle Earth Elementalist began the quest for
                  | the Orb.
     0 | D:1      | Reached XP level 1. HP: 10/10 MP: 3/3
   188 | D:1      | Reached XP level 2. HP: 15/15 MP: 3/5
   994 | D:2      | Reached XP level 3. HP: 19/19 MP: 4/7
   998 | D:2      | Learned a level 3 spell: Stone Arrow
  1167 | D:2      | Reached skill level 1 in Conjurations
  1271 | D:2      | Reached XP level 4. HP: 24/24 MP: 5/8
  2563 | D:4      | Reached XP level 5. HP: 28/28 MP: 6/9
  2628 | D:4      | Noticed a black bear
  2822 | D:4      | Killed a black bear
  2823 | D:4      | Reached skill level 5 in Earth Magic
  3029 | D:4      | Reached XP level 6. HP: 32/32 MP: 7/11
  3133 | D:5      | Entered Level 5 of the Dungeon
  3292 | D:5      | Found a sparkling altar of Nemelex Xobeh.
  3429 | D:5      | Identified the +10 trident of the Well-Known Knives
                  | {freeze, Dex+3}
  3522 | D:5      | Noticed Duvessa
  3522 | D:5      | Noticed Dowan
  3830 | D:5      | Noticed a troll
  3956 | D:5      | Reached XP level 7. HP: 36/36 MP: 8/13
  4486 | D:6      | Found a glowing drain.
  4524 | Sewer    | Entered a sewer
  4595 | Sewer    | Reached skill level 1 in Fighting
  4601 | Sewer    | Reached skill level 1 in Polearms
  4912 | Sewer    | Reached XP level 8. HP: 45/45 MP: 1/14
  5932 | D:6      | Reached skill level 5 in Stealth
  6123 | D:7      | Found a flagged portal.
  6218 | D:7      | Found a staircase to the Ecumenical Temple.
  6224 | D:7      | Noticed Joseph
  6227 | Temple   | Entered the Ecumenical Temple
  6371 | Temple   | Became a worshipper of Vehumet
  6783 | D:7      | Reached skill level 1 in Evocations
  7071 | D:7      | Reached XP level 9. HP: 53/53 MP: 8/15
  7337 | D:7      | Reached skill level 5 in Fighting
  8047 | D:8      | Noticed a manticore
  8097 | D:8      | Reached * piety under Vehumet
  8097 | D:8      | Offered knowledge of Kiss of Death by Vehumet.
  8113 | D:8      | Found a sand-covered staircase.
  8189 | Ossuary  | Entered an ossuary
  8393 | Ossuary  | Reached skill level 5 in Conjurations
  8796 | Ossuary  | Reached skill level 5 in Spellcasting
  8797 | Ossuary  | Reached ** piety under Vehumet
  8797 | Ossuary  | Offered knowledge of Poisonous Vapours by Vehumet.
  8807 | Ossuary  | Reached XP level 10. HP: 55/60 MP: 8/17
  8810 | Ossuary  | Learned a level 2 spell: Poisonous Vapours
  8960 | Ossuary  | Reached XP level 11. HP: 68/68 MP: 17/21
  9131 | D:8      | Reached skill level 1 in Poison Magic
  9144 | D:8      | Reached skill level 1 in Air Magic
  9352 | D:8      | Noticed KamiKatze's ghost (novice DECj)
  9354 | D:8      | Identified the +2 war axe "Teotzidd" {drain, rElec Will+}
  9415 | D:8      | Found a transporter.
  9420 | D:8      | Found a transporter.
  9556 | D:9      | Noticed Erica
  9558 | D:9      | Killed Erica
  9640 | D:9      | Noticed Psyche
  9754 | D:9      | Found Mopp's Weapon Shoppe.
  9806 | D:9      | Noticed Amaemon
 10037 | D:9      | Found a hazy altar of Hepliaklqana.
 10039 | D:9      | Found a glowing silver altar of Zin.
 10039 | D:9      | Found an opulent altar of Gozag.
 10039 | D:9      | Found a hide-covered altar of Uskayaw.
 10328 | D:9      | Noticed a skeletal warrior
 10328 | D:9      | Noticed a skeletal warrior
 10328 | D:9      | Noticed a skeletal warrior
 10632 | D:9      | Noticed a skeletal warrior
 10667 | D:9      | Killed Psyche
 10730 | D:9      | Noticed a skeletal warrior
 10844 | D:8      | Offered knowledge of Dazzling Flash by Vehumet.
 11117 | D:9      | Killed Amaemon
 11350 | D:9      | Found a shimmering altar of Xom.
 11800 | D:10     | Entered Level 10 of the Dungeon
 12089 | D:10     | Reached skill level 1 in Maces & Flails
 12269 | D:10     | Reached *** piety under Vehumet
 12385 | D:10     | Reached skill level 10 in Earth Magic
 12861 | D:7      | Killed Joseph
 12972 | D:5      | Killed Duvessa
 12974 | D:5      | Killed Dowan
 13322 | D:11     | Found a gate leading to a gauntlet.
 13322 | D:11     | Noticed a manticore
 13330 | D:11     | Killed a manticore
 13331 | D:11     | Reached XP level 12. HP: 70/75 MP: 9/23
 13353 | Gauntlet | Entered a Gauntlet
 13353 | Gauntlet | Found a transporter.
 13418 | Gauntlet | Found a transporter.
 13421 | Gauntlet | Found a transporter.
 13422 | Gauntlet | Found a transporter.
 13430 | Gauntlet | Found a transporter.
 13433 | Gauntlet | Found a transporter.
 13434 | Gauntlet | Found a transporter.
 13443 | Gauntlet | Found a transporter.
 13446 | Gauntlet | Found a transporter.
 13447 | Gauntlet | Found a transporter.
 13455 | Gauntlet | Found a transporter.
 13456 | Gauntlet | Noticed an eight-headed hydra
 13458 | Gauntlet | Found a transporter.
 13459 | Gauntlet | Found a transporter.
 13461 | Gauntlet | Noticed a dire elephant
 13467 | Gauntlet | Found a transporter.
 13865 | Gauntlet | Killed an eight-headed hydra
 13888 | Gauntlet | Identified the ring "Ahiel" {Str+3 Dex+6}
 13968 | Gauntlet | Identified the +6 ice dragon scales "Hoplar" {Drain rElec
                  | rPois rF- rC++ Regen+}
 13968 | Gauntlet | Noticed a minotaur
 13989 | Gauntlet | Killed a minotaur
 13989 | Gauntlet | Offered knowledge of Volatile Blastmotes by Vehumet.
 14014 | Gauntlet | Got the Book of Transition
 14193 | D:11     | Noticed a two-headed ogre
 14204 | D:10     | Killed a two-headed ogre
 14461 | D:11     | Reached skill level 1 in Armour
 14637 | D:11     | Noticed a two-headed ogre
 14644 | D:11     | Killed a two-headed ogre
 15002 | D:11     | Found a staircase to the Lair.
 15161 | Lair:1   | Entered Level 1 of the Lair of Beasts
 15183 | Lair:1   | Reached skill level 5 in Armour
 15501 | Lair:1   | Reached **** piety under Vehumet
 15545 | Lair:1   | Noticed a catoblepas
 15555 | Lair:1   | Killed a catoblepas
 15556 | Lair:1   | Reached XP level 13. HP: 78/80 MP: 19/25
 15561 | Lair:1   | Offered knowledge of Hailstorm by Vehumet.
 16598 | Lair:2   | Found a staircase to the Swamp.
 16778 | Lair:2   | Noticed choppaz's ghost (journeyman OpTm)
 16782 | Lair:2   | Found a runed translucent door.
 16792 | Lair:2   | Reached ***** piety under Vehumet
 16795 | Lair:2   | Offered knowledge of Iron Shot by Vehumet.
 17095 | Lair:2   | Killed choppaz's ghost
 17302 | Lair:2   | Learned a level 6 spell: Iron Shot
 17657 | Lair:2   | Reached skill level 10 in Conjurations
 19110 | Lair:3   | Found a staircase to the Snake Pit.
 19211 | Lair:3   | Gained mutation: Your large and strong wings let you fly.
                  | [Gargoyle growth]
 19211 | Lair:3   | Reached XP level 14. HP: 87/87 MP: 26/26
 19632 | Lair:4   | Offered knowledge of Airstrike by Vehumet.
 20781 | Lair:5   | Entered Level 5 of the Lair of Beasts
 21352 | Lair:5   | Offered knowledge of Irradiate by Vehumet.
 21433 | Lair:4   | Learned a level 5 spell: Irradiate
 21465 | Lair:5   | Reached skill level 1 in Transmutations
 22097 | Lair:5   | Found a viscous altar of Jiyva.
 22100 | Lair:5   | Found a staircase to the Slime Pits.
 22254 | Lair:5   | Reached skill level 1 in Shields
 22674 | Lair:5   | Reached XP level 15. HP: 92/92 MP: 12/27
 23152 | D:12     | Found a staircase to the Orcish Mines.
 23324 | D:12     | Reached skill level 15 in Earth Magic
 23651 | D:12     | Noticed Nessos
 23657 | D:12     | Killed Nessos
 23657 | D:12     | Offered knowledge of Fireball by Vehumet.
 24089 | D:13     | Identified the +5 quarterstaff of Bauwidd {elec, rC+}
 24093 | D:13     | Found a gate to the Vaults.
 24300 | D:12     | Learned a level 5 spell: Fireball
 24379 | D:13     | Reached skill level 5 in Shields
 24461 | D:13     | Reached skill level 1 in Fire Magic
 24514 | D:13     | Learned a level 2 spell: Blink
 24825 | D:14     | Reached skill level 1 in Translocations
 25035 | D:14     | Reached skill level 5 in Transmutations
 25688 | D:15     | Entered Level 15 of the Dungeon
 25797 | D:15     | Noticed Josephine
 25799 | D:15     | Killed Josephine
 25911 | D:15     | Found a staircase to the Depths.
 25947 | D:15     | Found Sech's Mayhem Merchandise.
 25961 | D:15     | Bought the Unrestrained Analects for 828 gold pieces
 25975 | Abyss:2  | Cast into level 2 of the Abyss (a wizard)
 26105 | Abyss:2  | Noticed a lich
 26111 | Abyss:2  | Killed a lich
 26112 | Abyss:2  | Reached XP level 16. HP: 97/97 MP: 29/29
 26305 | Abyss:2  | Found a corrupted altar of Lugonu.
 26309 | Abyss:2  | Noticed a bone dragon
 26318 | Abyss:2  | Killed a bone dragon
 26465 | Abyss:2  | Reached skill level 5 in Fire Magic
 26533 | Abyss:2  | Reached skill level 5 in Translocations
 26535 | D:15     | Escaped the Abyss
 26571 | Abyss:2  | Cast into level 2 of the Abyss (a wizard)
 26693 | Abyss:2  | Offered knowledge of Iskenderun's Battlesphere by Vehumet.
 26822 | Abyss:2  | Noticed a tentacled starspawn
 26849 | Abyss:3  | Noticed a tentacled starspawn
 26852 | Abyss:3  | Killed a tentacled starspawn
 26884 | Abyss:3  | Learned a level 5 spell: Iskenderun's Battlesphere
 26924 | Abyss:3  | Got an abyssal rune of Zot
 27024 | D:15     | Escaped the Abyss
 27028 | D:15     | Reached skill level 10 in Stealth
 27614 | Orc:1    | Entered Level 1 of the Orcish Mines
 27877 | Orc:2    | Entered Level 2 of the Orcish Mines
 27916 | Orc:2    | Found a staircase to the Elven Halls.
 28251 | Orc:2    | Reached ****** piety under Vehumet
 28356 | Orc:2    | Found Lowih's Antique Armour Boutique.
 28356 | Orc:2    | Found Fucecsiz's Magic Scroll Emporium.
 28356 | Orc:2    | Found Ykheraup's Antique Armour Shoppe.
 28359 | Orc:2    | Found Qeno's Jewellery Shop.
 28364 | Orc:2    | Bought a scroll of blinking for 112 gold pieces
 28364 | Orc:2    | Bought a scroll of blinking for 112 gold pieces
 28364 | Orc:2    | Bought a scroll of blinking for 112 gold pieces
 28364 | Orc:2    | Bought a scroll of teleportation for 45 gold pieces
 28366 | Orc:2    | Bought a pair of runed gloves for 187 gold pieces
 28373 | Orc:2    | Bought a ring of see invisible for 195 gold pieces
 28381 | Orc:2    | Bought a pair of glowing gloves for 240 gold pieces
 28494 | Orc:2    | Offered knowledge of Starburst by Vehumet.
 28614 | Orc:2    | Found Oggam's Weapon Boutique.
 29222 | Swamp:1  | Entered Level 1 of the Swamp
 29290 | Swamp:1  | Identified the +7 long sword of the Ship {vamp, rC+ rCorr}
 29406 | Swamp:1  | Found a transporter.
 29567 | Swamp:1  | Found a transporter.
 29585 | Swamp:1  | Reached skill level 10 in Fire Magic
 29665 | Swamp:1  | Identified the +0 leather armour "Semoon" {rC+}
 29785 | Swamp:1  | Found a runed translucent door.
 29786 | Swamp:1  | Noticed Qemahefa's ghost (adept GrFi)
 29874 | Swamp:1  | Identified the +4 long sword of Reinforcement {antimagic,
                  | rPois Int+3}
 30319 | Swamp:2  | Reached XP level 17. HP: 101/101 MP: 30/30
 30552 | Swamp:2  | Found a runed translucent door.
 30679 | Swamp:2  | Noticed Zenkrye's ghost (adept HOFi)
 30832 | Swamp:2  | Noticed Mlioglotl
 30838 | Swamp:2  | Killed Mlioglotl
 31437 | Swamp:3  | Identified a scroll of acquirement
 31450 | Swamp:3  | Acquired the Essays on Red Injury
 31752 | Swamp:4  | Entered Level 4 of the Swamp
 31861 | Swamp:4  | Noticed a kraken
 31869 | Swamp:4  | Killed a kraken
 32488 | Swamp:4  | Offered knowledge of Maxwell's Capacitive Coupling by
                  | Vehumet.
 32988 | Swamp:4  | Got a decaying rune of Zot
 33197 | Snake:1  | Entered Level 1 of the Snake Pit
 33316 | Snake:1  | Reached skill level 15 in Fire Magic
 33319 | Snake:1  | Noticed Aizul
 33393 | Snake:1  | Killed Aizul
 34173 | Snake:1  | Found a sacrificial altar of Ru.
 34563 | Snake:1  | Reached XP level 18. HP: 107/107 MP: 30/31
 36038 | Snake:3  | Found Luplufuth's Gadget Gallery.
 36049 | Snake:3  | Bought a condenser vane for 720 gold pieces
 36064 | Snake:3  | Offered knowledge of Lehudib's Crystal Spear by Vehumet.
 36064 | Snake:3  | Offered knowledge of Shatter by Vehumet.
 36064 | Snake:3  | Offered knowledge of Polar Vortex by Vehumet.
 36358 | Snake:3  | Learned a level 8 spell: Ignition
 36733 | Snake:4  | Entered Level 4 of the Snake Pit
 38147 | Snake:4  | Reached skill level 10 in Spellcasting
 38855 | Snake:4  | Noticed Vashnia
 38916 | Snake:4  | Reached XP level 19. HP: 91/93 MP: 33/33
 39514 | Snake:4  | Got a serpentine rune of Zot
 39828 | Vaults:1 | Entered Level 1 of the Vaults
 40111 | Vaults:1 | Learned a level 9 spell: Shatter
 42279 | Vaults:2 | Found Koih's Weapon Boutique.
 42710 | Vaults:2 | Found Qigel's Weapon Emporium.
 43155 | Vaults:2 | Found Xaggiu's Jewellery Boutique.
 43161 | Vaults:2 | Bought a +6 ring of intelligence for 468 gold pieces
 43421 | Vaults:3 | Noticed Sojobo
 43437 | Vaults:3 | Killed Sojobo
 43556 | Vaults:3 | Found Jieginid's Antique Armour Boutique.
 43564 | Vaults:3 | Bought a pair of runed boots for 270 gold pieces
 43566 | Vaults:3 | Bought a fine robe for 205 gold pieces
 43566 | Vaults:3 | Identified the +2 robe of the Big Bang {rF- Regen+ Dex+7
                  | Slay+3} (You bought it in a shop on level 3 of the Vaults)
 43648 | Vaults:3 | Found Teehif's General Store.
 44406 | Vaults:3 | Reached XP level 20. HP: 117/117 MP: 15/35
 44499 | Vaults:3 | Found Enous's Antique Weapon Shop.
 44894 | Vaults:3 | Noticed Zenata
 44910 | Vaults:3 | Killed Zenata
 45451 | Vaults:3 | Found Zastenol's Antique Armour Shoppe.
 45459 | Vaults:3 | Bought a pair of embroidered boots for 225 gold pieces
 45522 | Vaults:3 | Found Eleufied's Jewellery Shop.
 45721 | Vaults:3 | Found a staircase to the Crypt.
 45721 | Vaults:3 | Found a basalt altar of Yredelemnul.
 45721 | Vaults:3 | Found an ancient bone altar of Kikubaaqudgha.
 46295 | Vaults:4 | Found Joilyk's Magic Scroll Shop.
 46313 | Vaults:4 | Found Fitteca's Jewellery Emporium.
 46628 | Vaults:4 | Found a transporter.
 46628 | Vaults:4 | Noticed Calamarain's ghost (adept GrMo)
 46676 | Vaults:4 | Found a transporter.
 47145 | Vaults:4 | Found Dira's Jewellery Shoppe.
 47146 | Abyss:4  | Cast into level 4 of the Abyss (a wizard)
 47199 | Vaults:4 | Escaped the Abyss
 47282 | Vaults:4 | Found Zefol's Weapon Shoppe.
 47406 | Vaults:4 | Noticed Frederick
 47428 | Vaults:4 | Killed Frederick
 47822 | Depths:1 | Entered Level 1 of the Depths
 47822 | Depths:1 | Noticed Asterion
 48033 | Depths:1 | Killed Asterion
 48514 | Depths:1 | Reached XP level 21. HP: 121/121 MP: 21/37
 48846 | Depths:1 | Found a sacrificial altar of Ru.
 49089 | Depths:1 | Found a gateway to Hell.
 49364 | Depths:2 | Found Numun's Antique Armour Shoppe.
 49985 | Depths:2 | Noticed a juggernaut
 50016 | Depths:2 | Killed a juggernaut
 50166 | Depths:2 | Found a one-way gate leading to the halls of Pandemonium.
 50825 | Depths:2 | Found a one-way gateway to a ziggurat.
 50988 | Depths:2 | Found a one-way gate to the infinite horrors of the Abyss.
 51112 | Depths:3 | Noticed a profane servitor
 51125 | Depths:2 | Killed a profane servitor
 51858 | Elf:1    | Entered Level 1 of the Elven Halls
 52032 | Elf:1    | Identified the ring "Ytoos Gicyo" {rElec rC++ Will+ Dex+2}
 52896 | Elf:1    | Reached XP level 22. HP: 112/116 MP: 29/39
 53142 | Elf:1    | Found a shimmering blue altar of Sif Muna.
 54011 | Elf:2    | Found a runed translucent gate.
 54011 | Elf:2    | Found a runed translucent gate.
 54012 | Elf:2    | Found a runed translucent gate.
 54317 | Elf:3    | Entered Level 3 of the Elven Halls
 54443 | Elf:3    | Found Hiuveer's Book Boutique.
 54756 | Elf:3    | Identified the +1 robe of Fortitude {SInv}
 54938 | Elf:3    | Identified the +9 long sword of Xouhigh {freeze, Dex+2}
 55022 | Abyss:4  | Cast into level 4 of the Abyss (a deep elf sorcerer)
 55080 | Elf:3    | Escaped the Abyss
 55382 | Elf:3    | Identified the ring of Toogim {rElec AC+4 Str-3 Dex+4}
 55413 | Elf:3    | Got the Parchment of the Blizzard
 55678 | Elf:3    | Found a portal to a secret trove of treasure.
 55714 | Elf:3    | You paid a toll of 7 scrolls of fog to enter a treasure
                  | trove
 55715 | Trove    | Entered a treasure trove
 55723 | Trove    | Identified the +1 cloak "Diteyczo" {rF+ Will+ Regen+}
 55729 | Trove    | Found the +10 tower shield of Ignorance {rN+ Int-4}
 55737 | Trove    | Identified the +4 kite shield "Puradovi" {Fly}
 55754 | Trove    | Identified the +0 helmet of Jenume {Will+}
 55774 | Trove    | Identified the +4 pair of gloves of Fortification {rF+}
 55806 | Trove    | Found the +3 pair of seven-league boots {Rampage+∞}
 56630 | Depths:3 | Found a basalt altar of Yredelemnul.
 57477 | Depths:3 | Reached skill level 10 in Shields
 57555 | Depths:3 | Reached XP level 23. HP: 132/132 MP: 9/41
 58158 | Depths:4 | Entered Level 4 of the Depths
 58163 | Depths:4 | Reached skill level 15 in Spellcasting
 58216 | Depths:4 | Noticed a golden dragon
 58269 | Depths:4 | Noticed Xtahua
 58305 | Depths:3 | Killed a golden dragon
 58803 | Depths:4 | Found a gate to the Realm of Zot.
 59095 | Depths:4 | Killed Xtahua
 59649 | Crypt:1  | Entered Level 1 of the Crypt
 59763 | Crypt:1  | Noticed Bai Suzhen
 60214 | Snake:3  | Bought a phantom mirror for 720 gold pieces
 60518 | Hell     | Entered the Vestibule of Hell
 60518 | Hell     | Noticed Geryon
 60531 | Hell     | Killed Geryon
 60651 | Hell     | Reached skill level 27 in Earth Magic
 60728 | Hell     | Reached skill level 10 in Fighting
 60944 | Hell     | Found a gateway to the ashen valley of Gehenna.
 60972 | Hell     | Found a gateway to the decaying netherworld of Tartarus.
 61044 | Hell     | Found a gateway to the freezing wastes of Cocytus.
 61180 | Hell     | Found a gateway to the Iron City of Dis.
 61547 | Vaults:5 | Entered Level 5 of the Vaults
 61547 | Vaults:5 | Noticed Mara
 61549 | Vaults:5 | Killed Mara
 61550 | Vaults:5 | Reached XP level 24. HP: 120/139 MP: 43/43
 61668 | Vaults:5 | Identified the +7 mace of Trauma {heavy, Dex+4}
 61770 | Vaults:5 | Noticed Boris
 61774 | Vaults:5 | Killed Boris
 61774 | Vaults:5 | Noticed an ancient lich
 61823 | Vaults:5 | Killed an ancient lich
 61966 | Vaults:5 | Reached skill level 10 in Armour
 62059 | Vaults:5 | Identified the +7 sling of Efainlem {freeze, rC+ Will+ MP+9
                  | Dex+3}
 62158 | Vaults:5 | Reached skill level 10 in Dodging
 62227 | Vaults:5 | Identified the +3 plate armour "Eduk Heo" {Fly rElec Str-4
                  | Slay+5}
 62236 | Vaults:5 | Identified the +2 buckler of Lessoex {Rampage *Corrode rN++
                  | Int+3}
 62479 | Vaults:5 | Identified the +1 great mace of Rotation {vamp, rC+ rN+++
                  | Int-3 Stlth+}
 62542 | Vaults:5 | Found Wephoa's Antique Weapon Shoppe.
 62553 | Vaults:5 | Got a silver rune of Zot
 62652 | Vaults:5 | Got the Vademecum on the Welkin
 62683 | Vaults:5 | Identified the staff of fire "Koheppan" {rF+ Will+}
 63101 | Vaults:5 | Got the Discursus on Distance
 63174 | Vaults:5 | Learned a level 7 spell: Ozocubu's Refrigeration
 63434 | Zot:1    | Entered Level 1 of the Realm of Zot
 63460 | Zot:1    | Noticed a curse toe
 63467 | Zot:1    | Reached skill level 1 in Ice Magic
 63526 | Zot:1    | Killed a curse toe
 63665 | Zot:1    | Reached XP level 25. HP: 40/150 MP: 13/43
 64259 | Zot:2    | Noticed an orb of fire
 64882 | Zot:2    | Gained mutation: You are dopey. (Int -2) [an orb of fire]
 64883 | Zot:2    | Killed an orb of fire
 65944 | Zot:3    | Identified the +6 chain mail of Ennui {rN+}
 66094 | Zot:3    | Reached skill level 5 in Ice Magic
 66610 | Zot:4    | Noticed an orb of fire
 66626 | Zot:4    | Killed an orb of fire
 66752 | Zot:4    | Reached skill level 1 in Throwing
 66832 | Zot:4    | Noticed Grunn
 66839 | Zot:4    | Killed Grunn
 67815 | Depths:2 | Voluntarily entered the Abyss.
 68003 | Abyss:4  | Reached XP level 26. HP: 160/160 MP: 37/43
 68098 | Abyss:4  | Found a viscous altar of Jiyva.
 68134 | Depths:2 | Escaped the Abyss
 68409 | Slime:1  | Entered Level 1 of the Pits of Slime
 68950 | Slime:1  | Gained mutation: You occasionally lose the ability to drink
                  | potions when taking damage. [a shining eye]
 69190 | Slime:1  | Lost mutation: You are dopey. (Int -2) [potion of mutation]
 69190 | Slime:1  | Lost mutation: You occasionally lose the ability to drink
                  | potions when taking damage. [potion of mutation]
 69190 | Slime:1  | Gained mutation: You have a somewhat thin skeletal
                  | structure. (Dex +2, Stealth+) [potion of mutation]
 69190 | Slime:1  | Gained mutation: You are partially covered in iridescent
                  | scales. (AC +2) [potion of mutation]
 69259 | Slime:2  | Reached skill level 15 in Fighting
 70482 | Slime:3  | Gained mutation: You are frail. (-10% HP) [a shining eye]
 70508 | Slime:3  | Gained mutation: You sometimes lose your temper in combat.
                  | [a shining eye]
 70510 | Slime:3  | Lost mutation: You are frail. (-10% HP) [potion of
                  | mutation]
 70510 | Slime:3  | Lost mutation: You are partially covered in iridescent
                  | scales. (AC +2) [potion of mutation]
 70510 | Slime:3  | Lost mutation: You have a somewhat thin skeletal structure.
                  | (Dex +2, Stealth+) [potion of mutation]
 70510 | Slime:3  | Gained mutation: You are frail. (-10% HP) [potion of
                  | mutation]
 70510 | Slime:3  | Gained mutation: You have a pair of small antennae on your
                  | head. [potion of mutation]
 70510 | Slime:3  | Gained mutation: Your flesh is cold resistant. (rC+)
                  | [potion of mutation]
 70510 | Slime:3  | Gained mutation: You are partially covered in iridescent
                  | scales. (AC +2) [potion of mutation]
 70511 | Slime:3  | Lost mutation: You have a pair of small antennae on your
                  | head. [potion of mutation]
 70511 | Slime:3  | Lost mutation: You are frail. (-10% HP) [potion of
                  | mutation]
 70511 | Slime:3  | Lost mutation: You sometimes lose your temper in combat.
                  | [potion of mutation]
 70511 | Slime:3  | Lost mutation: Your flesh is cold resistant. (rC+) [potion
                  | of mutation]
 70511 | Slime:3  | Gained mutation: You have hidden genetic potential. [potion
                  | of mutation]
 70511 | Slime:3  | Gained mutation: You have a pair of small antennae on your
                  | head. [potion of mutation]
 70511 | Slime:3  | Gained mutation: You have large cloven feet. [potion of
                  | mutation]
 70512 | Slime:3  | Lost mutation: You have large cloven feet. [potion of
                  | mutation]
 70512 | Slime:3  | Lost mutation: You have hidden genetic potential. [potion
                  | of mutation]
 70512 | Slime:3  | Lost mutation: You have a pair of small antennae on your
                  | head. [potion of mutation]
 70512 | Slime:3  | Gained mutation: You are dopey. (Int -2) [potion of
                  | mutation]
 70512 | Slime:3  | Gained mutation: You have a somewhat thin skeletal
                  | structure. (Dex +2, Stealth+) [potion of mutation]
 70782 | Slime:1  | Gained mutation: Potions are less effective at restoring
                  | your health. [a shining eye]
 70784 | Slime:1  | Gained mutation: You are occasionally teleported next to
                  | monsters. [a shining eye]
 70790 | Slime:2  | Lost mutation: You have a somewhat thin skeletal structure.
                  | (Dex +2, Stealth+) [potion of mutation]
 70790 | Slime:2  | Lost mutation: You are occasionally teleported next to
                  | monsters. [potion of mutation]
 70790 | Slime:2  | Lost mutation: You are dopey. (Int -2) [potion of mutation]
 70790 | Slime:2  | Gained mutation: Your mind is acute. (Int +4, Str/Dex -1)
                  | [potion of mutation]
 70790 | Slime:2  | Gained mutation: You have large cloven feet. [potion of
                  | mutation]
 71537 | Slime:5  | Entered Level 5 of the Pits of Slime
 71539 | Slime:5  | Gained mutation: You sometimes lose your temper in combat.
                  | [a shining eye]
 71601 | Slime:5  | Noticed the Royal Jelly
 71871 | Slime:5  | Killed the Royal Jelly
 72002 | Slime:5  | Found the +7 great mace "Undeadhunter" {deathbane, rN+}
 72043 | Slime:5  | Got a slimy rune of Zot
 72080 | Slime:5  | Identified the +2 lajatang of Zin's Favour {antimagic, rC+
                  | Int+5}
 72125 | Slime:5  | Identified the +1 arbalest of the Evil Eye {freeze, rF+}
 72137 | Slime:5  | Identified the staff of death "Buataeng" {Contam Fly rN+
                  | Dex+2 SInv}
 72146 | Slime:5  | Identified the +7 arbalest "X" {penet, *Corrode Drain Will+
                  | Str+5}
 72151 | Slime:5  | Identified the staff of conjuration "Neqieh" {rPois Int+4}
 72757 | Slime:5  | Lost mutation: You have large cloven feet. [potion of
                  | mutation]
 72757 | Slime:5  | Lost mutation: You are partially covered in iridescent
                  | scales. (AC +2) [potion of mutation]
 72757 | Slime:5  | Gained mutation: Your body sometimes deteriorates upon
                  | taking damage. [potion of mutation]
 72757 | Slime:5  | Gained mutation: You have an uncontrollable temper. [potion
                  | of mutation]
 72758 | Slime:5  | Lost mutation: Potions are less effective at restoring your
                  | health. [potion of mutation]
 72758 | Slime:5  | Lost mutation: You have an uncontrollable temper. [potion
                  | of mutation]
 72758 | Slime:5  | Lost mutation: Your mind is acute. (Int +4, Str/Dex -1)
                  | [potion of mutation]
 72758 | Slime:5  | Gained mutation: You are clumsy. (Dex -2) [potion of
                  | mutation]
 72758 | Slime:5  | Lost mutation: You are clumsy. (Dex -2) [potion of
                  | mutation]
 72759 | Slime:5  | Lost mutation: Your body sometimes deteriorates upon taking
                  | damage. [potion of mutation]
 72759 | Slime:5  | Lost mutation: You sometimes lose your temper in combat.
                  | [potion of mutation]
 72759 | Slime:5  | Gained mutation: You are agile. (Dex +4, Str/Int -1)
                  | [potion of mutation]
 72759 | Slime:5  | Gained mutation: You have hidden genetic potential. [potion
                  | of mutation]
 73111 | Depths:2 | Learned a level 5 spell: Freezing Cloud
 73174 | Zig:1    | Entered Level 1 of a ziggurat
 73188 | Zig:2    | Entered Level 2 of a ziggurat
 73194 | Zig:2    | Identified the +2 pair of gloves "Osoefram" {Harm}
 73209 | Zig:3    | Entered Level 3 of a ziggurat
 73221 | Zig:3    | Identified the staff of cold "Qeulomn" {+Blink rC+ Str+4}
 73229 | Zig:4    | Entered Level 4 of a ziggurat
 73243 | Zig:4    | Identified the +1 leather armour "Rolyitopp" {rC+}
 73244 | Zig:4    | Identified the scarf of Spite {+Inv, Harm rF+}
 73257 | Zig:5    | Entered Level 5 of a ziggurat
 73260 | Zig:5    | Noticed a juggernaut
 73263 | Zig:5    | Killed a juggernaut
 73303 | Zig:5    | Identified the +8 hand axe "Xoetoarch" {flame, rPois Str+5}
 73326 | Zig:6    | Entered Level 6 of a ziggurat
 73333 | Zig:6    | Reached XP level 27. HP: 169/169 MP: 43/43
 73361 | Zig:7    | Entered Level 7 of a ziggurat
 73368 | Zig:7    | Reached skill level 15 in Armour
 73369 | Zig:7    | Reached skill level 10 in Ice Magic
 73371 | Zig:7    | Found the +5 demon whip "Spellbinder" {antimagic, disrupt,
                  | Will+}
 73393 | Zig:7    | Identified the +6 chain mail "Nuisicu" {Int+2 SInv}
 73407 | Zig:8    | Entered Level 8 of a ziggurat
 73436 | Zig:8    | Noticed Tedd the pandemonium lord
 73448 | Zig:8    | Killed Tedd the pandemonium lord
 73532 | Zig:8    | Identified the ring "Yrghuile" {rN+ rCorr Dex+2}
 73537 | Zig:8    | Identified the ring "Mampyxan" {Fly rPois rF+++ Will-
                  | Str+6}
 73581 | Zig:9    | Entered Level 9 of a ziggurat
 73625 | Zig:9    | Got the Book of Inhalation and the Icicle
 73628 | Zig:9    | Identified the staff of conjuration "Wotraph" {rElec Str+2}
 73631 | Zig:9    | Identified the staff of death "Qegennau" {Fragile rN+ Str+4
                  | Int+2 SInv}
 73655 | Zig:10   | Entered Level 10 of a ziggurat
 73701 | Zig:10   | Found the +8 Wrath of Trog {antimagic, *Rage Rampage}
 73709 | Zig:10   | Identified the staff of cold "Mylocale" {rC+ Will+++ rCorr
                  | Str-5 Int-5}
 73710 | Zig:10   | Identified the +6 flail "Fadydi" {freeze, rElec rF++ Dex-2}
 73716 | Zig:10   | Identified the +7 war axe of Zin's Respect {flame, rElec
                  | Str+4 Dex-5}
 73747 | Zig:11   | Entered Level 11 of a ziggurat
 73849 | Zig:12   | Entered Level 12 of a ziggurat
 73928 | Zig:12   | Identified the staff of poison "Rareon" {rElec rPois Str+3
                  | Int+2 Dex+4}
 73931 | Zig:12   | Identified the +8 quarterstaff "Sarcophage" {pain, Fly
                  | Will- Dex+2}
 73948 | Zig:12   | Identified the +0 robe "Waptocutz" {Will+ Int+2}
 73949 | Zig:12   | Identified the +5 arbalest "Deyze" {freeze, rF- rN+ SInv}
 74012 | Zig:13   | Entered Level 13 of a ziggurat
 74050 | Zig:13   | Identified the +7 falchion of Extinguishment {spect, rN+
                  | Int+4}
 74054 | Zig:13   | Identified the staff of earth "Wozilan" {rF+}
 74109 | Zig:14   | Entered Level 14 of a ziggurat
 74163 | Zig:14   | Found the +8 trident of the Octopus King {venom, rElec
                  | rPois}
 74198 | Zig:14   | Identified the staff of cold "Xeipp" {rC+ Dex+3}
 74201 | Zig:14   | Identified the +6 great sword of Zedu {freeze, *Noise rCorr
                  | Dex+4}
 74203 | Zig:14   | Identified the ring of Plog {rPois Str+6 Dex+3 SInv}
 74217 | Zig:14   | Identified the ring of Abstinence {rElec Will+ Str+3 SInv}
 74224 | Zig:14   | Learned a level 5 spell: Borgnjor's Vile Clutch
 74259 | Zig:15   | Entered Level 15 of a ziggurat
 74282 | Zig:15   | Reached skill level 1 in Necromancy
 74284 | Zig:15   | Gained mutation: You have large cloven feet. [hidden
                  | potential]
 74445 | Zig:15   | Identified the +6 broad axe "Lowarasu" {venom, rN+}
 74462 | Zig:15   | Identified the +5 dire flail of Analysis {antimagic, *Slow
                  | rPois rN+}
 74465 | Zig:15   | Identified the +0 scale mail of Conscience {rC+}
 74475 | Zig:15   | Acquired 581 gold pieces
 74540 | Zig:16   | Entered Level 16 of a ziggurat
 74827 | Zig:16   | Identified the staff of conjuration "Ebudenn" {rF+ rN+
                  | Dex+2}
 74847 | Zig:16   | Got Roxanne's Annotations on Reformed Amathomancy
 74893 | Zig:17   | Entered Level 17 of a ziggurat
 74968 | Zig:17   | Noticed an ancient lich
 74969 | Zig:17   | Killed an ancient lich
 75149 | Zig:17   | Identified the staff of conjuration "Cifousaj" {rCorr
                  | Stlth+}
 75151 | Zig:17   | Identified the +9 quarterstaff "Ryosisos" {pain, Int+4}
 75222 | Zig:18   | Entered Level 18 of a ziggurat
 75255 | Zig:18   | Reached skill level 15 in Ice Magic
 75277 | Zig:18   | Identified the +4 flail "Weever" {freeze, Will+ Stlth+}
 75294 | Zig:18   | Identified the staff of conjuration "Cajext" {rC+ Str-2
                  | Int+2 Stlth+}
 75397 | Zig:19   | Entered Level 19 of a ziggurat
 75575 | Zig:19   | Identified the staff of fire "Xiezu" {rF+ Int+3}
 75598 | Zig:19   | Learned a level 8 spell: Necromutation
 75610 | Zig:20   | Entered Level 20 of a ziggurat
 75639 | Zig:20   | Gained mutation: You have a pair of small antennae on your
                  | head. [hidden potential]
 75639 | Zig:20   | Lost mutation: You have hidden genetic potential. [hidden
                  | potential expressed]
 75688 | Zig:20   | Reached skill level 5 in Necromancy
 75874 | Zig:20   | Found the +8 arc blade {discharge, rElec}
 75880 | Zig:20   | Identified the ring "Cekludd" {rC++ MP+9 Str+3}
 75896 | Zig:20   | Identified the ring "Jeketz" {rC+++ EV+5 Str+4 Dex-5}
 75899 | Zig:20   | Identified the amulet "Nanyblo" {Reflect Int+6 SH+5}
 75911 | Zig:20   | Identified the +0 buckler of Buosotin {Contam +Inv Str+2}
 75952 | Zig:21   | Entered Level 21 of a ziggurat
 75965 | Zig:21   | Noticed a royal mummy
 75967 | Zig:21   | Noticed a royal mummy
 75969 | Zig:21   | Noticed a royal mummy
 75970 | Zig:21   | Killed a royal mummy
 75970 | Zig:21   | Killed a royal mummy
 75971 | Zig:21   | Noticed a royal mummy
 75972 | Zig:21   | Noticed a royal mummy
 75973 | Zig:21   | Killed a royal mummy
 75973 | Zig:21   | Noticed a royal mummy
 75974 | Zig:21   | Killed a royal mummy
 75974 | Zig:21   | Killed a royal mummy
 75974 | Zig:21   | Noticed a royal mummy
 75976 | Zig:21   | Noticed a royal mummy
 75976 | Zig:21   | Noticed a royal mummy
 75978 | Zig:21   | Killed a royal mummy
 75978 | Zig:21   | Killed a royal mummy
 75981 | Zig:21   | Killed a royal mummy
 75981 | Zig:21   | Killed a royal mummy
 76073 | Zig:21   | Found the +10 zealot's sword {holy, Zealotry, *Rage rN+
                  | EV+3}
 76082 | Zig:21   | Identified the staff of poison "Vian" {rPois Will- rCorr
                  | Int+8 Dex-5}
 76084 | Zig:21   | Identified the +5 dagger "Wemacaumy" {flame, rF+ rC+++
                  | Will- rCorr Str+5}
 76099 | Zig:21   | Identified the +6 short sword of Weqynn {heavy, rPois
                  | Will+++ Str+4 Dex-4}
 76166 | Zig:22   | Entered Level 22 of a ziggurat
 76201 | Zig:22   | Reached skill level 10 in Necromancy
 76334 | Zig:22   | Found the +9 scales of the Dragon King {rPois rF+ rC+
                  | Will+}
 76336 | Zig:22   | Identified the +9 quarterstaff of Brawling {heavy, rC+}
 76355 | Zig:22   | Got Peats's Enchiridion on Power
 76366 | Zig:22   | Identified the amulet of Existentialism {Faith Harm SInv}
 76391 | Zig:22   | Lost mutation: You have large cloven feet. [potion of
                  | mutation]
 76391 | Zig:22   | Lost mutation: You are agile. (Dex +4, Str/Int -1) [potion
                  | of mutation]
 76391 | Zig:22   | Gained mutation: You have sharp toenails. [potion of
                  | mutation]
 76391 | Zig:22   | Gained mutation: You are strong-willed. (Will+) [potion of
                  | mutation]
 76392 | Zig:22   | Lost mutation: You have sharp toenails. [potion of
                  | mutation]
 76392 | Zig:22   | Lost mutation: You are strong-willed. (Will+) [potion of
                  | mutation]
 76392 | Zig:22   | Gained mutation: You have a somewhat thin skeletal
                  | structure. (Dex +2, Stealth+) [potion of mutation]
 76392 | Zig:22   | Gained mutation: Your movements are slightly less
                  | encumbered by armour. (ER -2) [potion of mutation]
 76392 | Zig:22   | Gained mutation: You are strong-willed. (Will+) [potion of
                  | mutation]
 76429 | Zig:23   | Entered Level 23 of a ziggurat
 76436 | Zig:23   | Noticed a dread lich
 76438 | Zig:23   | Killed a dread lich
 76492 | Zig:23   | Reached skill level 10 in Transmutations
 76531 | Zig:23   | Gained mutation: You sometimes lose your temper in combat.
                  | [a shining eye]
 76721 | Zig:23   | Found the +8 lance "Wyrmbane" {slay drac, rPois rF+ rC+
                  | AC+3}
 76725 | Zig:23   | Identified the staff of cold "Doiq" {*Corrode rC+ Str+3
                  | Dex+2}
 76727 | Zig:23   | Lost mutation: You have a pair of small antennae on your
                  | head. [potion of mutation]
 76727 | Zig:23   | Lost mutation: You are strong-willed. (Will+) [potion of
                  | mutation]
 76727 | Zig:23   | Lost mutation: You sometimes lose your temper in combat.
                  | [potion of mutation]
 76727 | Zig:23   | Gained mutation: You are clumsy. (Dex -2) [potion of
                  | mutation]
 76727 | Zig:23   | Gained mutation: You have supernaturally acute eyesight.
                  | (SInv) [potion of mutation]
 76727 | Zig:23   | Gained mutation: You are partially covered in iridescent
                  | scales. (AC +2) [potion of mutation]
 76729 | Zig:23   | Identified the +0 chain mail of Vlad {Contam Rampage rN+
                  | Dex+5}
 76730 | Zig:23   | Identified the +0 cloak of Kilety {-Cast rC+ rN+}
 76746 | Zig:23   | Identified the +1 chain mail "Vajumm" {rElec Dex+3 Stlth+}
 76752 | Zig:23   | Identified the +4 chain mail "Botuheiv" {Rampage Str+3
                  | Dex-4}
 76854 | Zig:24   | Entered Level 24 of a ziggurat
 76949 | Zig:24   | Gained mutation: You are very clumsy. (Dex -4) [a shining
                  | eye]
 77041 | Zig:24   | Identified the ring "Afyobrusi" {Ice Will+ Int+2 SInv}
 77060 | Zig:24   | Identified the +8 mace of the Eye-covered God {flame,
                  | *Corrode rElec rF+++ Int+4}
 77063 | Zig:24   | Identified the +4 arbalest of Abomination {heavy, rPois rN+
                  | Int-2 Stlth+}
 77078 | Zig:24   | Identified the +4 dagger of Obsession {flame, Str+4}
 77103 | Zig:25   | Entered Level 25 of a ziggurat
 77122 | Zig:25   | Noticed an ancient lich
 77124 | Zig:25   | Killed an ancient lich
 77124 | Zig:25   | Noticed an ancient lich
 77129 | Zig:25   | Killed an ancient lich
 77214 | Zig:25   | Identified the staff of air "Tyroaqin" {rElec SInv}
 77221 | Zig:25   | Identified the staff of earth "Cushiab" {rElec rF+}
 77222 | Zig:25   | Identified the ring "Jirosoug" {rPois rCorr Str+4 Dex+3}
 77236 | Zig:25   | Identified the +3 giant club of Melee {drain, rC+ Int+2
                  | Dex-4}
 77237 | Zig:25   | Identified the +4 troll leather armour of Hadjma {Harm rC+
                  | Will+ Regen+}
 77242 | Zig:25   | Identified the ring of Majom {Fly rPois Str-5 Dex+5}
 77257 | Zig:25   | Identified the +5 longbow of Neurosis {flame, Str+2}
 77258 | Zig:25   | Identified the +2 mace "Byhanoe" {holy, Fragile rElec SInv
                  | Stlth+}
 77368 | Zig:26   | Entered Level 26 of a ziggurat
 77383 | Zig:26   | Noticed a juggernaut
 77385 | Zig:26   | Killed a juggernaut
 77388 | Zig:26   | Noticed a juggernaut
 77390 | Zig:26   | Killed a juggernaut
 77390 | Zig:26   | Noticed a juggernaut
 77392 | Zig:26   | Killed a juggernaut
 77403 | Zig:26   | Noticed a juggernaut
 77405 | Zig:26   | Noticed a juggernaut
 77405 | Zig:26   | Noticed a juggernaut
 77406 | Zig:26   | Killed a juggernaut
 77407 | Zig:26   | Killed a juggernaut
 77408 | Zig:26   | Killed a juggernaut
 77410 | Zig:26   | Noticed a juggernaut
 77412 | Zig:26   | Killed a juggernaut
 77413 | Zig:26   | Noticed a juggernaut
 77413 | Zig:26   | Noticed a juggernaut
 77413 | Zig:26   | Noticed a juggernaut
 77413 | Zig:26   | Noticed a juggernaut
 77415 | Zig:26   | Reached skill level 15 in Necromancy
 77415 | Zig:26   | Killed a juggernaut
 77415 | Zig:26   | Noticed a juggernaut
 77416 | Zig:26   | Killed a juggernaut
 77416 | Zig:26   | Killed a juggernaut
 77416 | Zig:26   | Killed a juggernaut
 77418 | Zig:26   | Killed a juggernaut
 77469 | Zig:26   | Identified the ring "Qeaxesmo" {Fly rCorr}
 77474 | Zig:26   | Identified the +4 war axe of Jorurim {flame, rC+ Str+3}
 77482 | Zig:26   | Identified the +6 war axe of Acsekhac {pain, Str+4}
 77492 | Zig:26   | Identified the +6 shortbow "Gehixi" {heavy, *Slow rPois
                  | Will+ Int+5}
 77649 | Zig:27   | Entered Level 27 of a ziggurat
 77666 | Zig:27   | Noticed an ancient lich
 77668 | Zig:27   | Killed an ancient lich
 77673 | Zig:27   | Noticed an ancient lich
 77675 | Zig:27   | Killed an ancient lich
 77675 | Zig:27   | Noticed an ancient lich
 77676 | Zig:27   | Reached skill level 15 in Transmutations
 77677 | Zig:27   | Killed an ancient lich
 77678 | Zig:27   | Noticed an ancient lich
 77678 | Zig:27   | Noticed an ancient lich
 77679 | Zig:27   | Killed an ancient lich
 77679 | Zig:27   | Noticed a dread lich
 77680 | Zig:27   | Killed an ancient lich
 77681 | Zig:27   | Killed a dread lich
 77681 | Zig:27   | Noticed a dread lich
 77682 | Zig:27   | Noticed a dread lich
 77683 | Zig:27   | Killed a dread lich
 77683 | Zig:27   | Killed a dread lich
 77826 | Zig:27   | Identified the +7 great sword of Ointment {drain, MP+9}
 77832 | Zig:27   | Identified the staff of air "Ehenuidid" {rElec rPois rF++
                  | rC- Will-}
 77846 | Zig:27   | Identified the staff of earth "Pibego" {rPois rN+ Will-}
 77880 | Zig:27   | Learned a level 4 spell: Iskenderun's Mystic Blast
 77890 | Zig:27   | Learned a level 9 spell: Fire Storm
 78021 | D:15     | Reached skill level 15 in Conjurations
 78039 | D:15     | Identified the ring "Husaoch" {Int+6 Dex+5 Stlth-}
 78040 | D:15     | Identified the amulet "Wacicler" {Spirit rCorr}
 78442 | Vaults:4 | Killed Calamarain's ghost
 79126 | Zig:1    | Entered Level 1 of a ziggurat
 79165 | Zig:2    | Entered Level 2 of a ziggurat
 79166 | Zig:2    | Found the +9 sword of Zonguldrok {reap}
 79187 | Zig:3    | Entered Level 3 of a ziggurat
 79211 | Zig:4    | Entered Level 4 of a ziggurat
 79290 | Zig:5    | Entered Level 5 of a ziggurat
 79298 | Zig:5    | Reached skill level 5 in Polearms
 79415 | Zig:6    | Entered Level 6 of a ziggurat
 79418 | Zig:6    | Found the +8 trishula "Condemnation" {holy, anguish, *Noise
                  | Fly rN+}
 79438 | Zig:7    | Entered Level 7 of a ziggurat
 79487 | Zig:7    | Got the Almanac of Spellbinding
 79489 | Zig:7    | Identified the ring "Xoowaitz" {Fly rElec rPois rN+ Dex-2}
 79492 | Zig:7    | Identified the ring of Jitsihon {rPois rC+ rCorr Int+3
                  | Dex+3}
 79507 | Zig:8    | Entered Level 8 of a ziggurat
 79549 | Zig:8    | Identified the ring of Ipsoc {rPois rC- rN++ Will+ Str+6}
 79567 | Zig:9    | Entered Level 9 of a ziggurat
 79575 | Zig:9    | Noticed Jezxausu the pandemonium lord
 79575 | Zig:9    | Noticed Jele the pandemonium lord
 79578 | Zig:9    | Killed Jezxausu the pandemonium lord
 79580 | Zig:9    | Killed Jele the pandemonium lord
 79615 | Zig:9    | Identified the ring of Urura {MP+9 Dex+2 SInv}
 79642 | Zig:9    | Identified the +1 leather armour of Delicate the Leaf
                  | {Str+4}
 79645 | Zig:9    | Identified the staff of fire "Qeoriala" {rPois rF+}
 79662 | Zig:10   | Entered Level 10 of a ziggurat
 79674 | Zig:10   | Reached skill level 10 in Polearms
 79718 | Zig:10   | Identified the +6 trident of Rera {heavy, *Noise rN++}
 79725 | Zig:10   | Acquired a manual of Translocations
 79736 | Zig:10   | Identified the +0 battleaxe of Noon {pain, *Rage rF- rC+++
                  | Stlth+}
 79761 | Zig:11   | Entered Level 11 of a ziggurat
 79768 | Zig:11   | Paralysed by an air elemental for 1 turns
 79783 | Zig:11   | Identified the +6 rapier of Zin's Regard {elec, +Blink
                  | rElec}
 79792 | Zig:11   | Identified the +0 robe "Newnetea" {Fly Archmagi}
 79823 | Zig:12   | Entered Level 12 of a ziggurat
 79834 | Zig:12   | Paralysed by an air elemental for 1 turns
 79886 | Zig:12   | Identified the ring of the Futuristic God {Fire Str+2}
 79918 | Zig:13   | Entered Level 13 of a ziggurat
 79938 | Zig:13   | Found the +4 consecrated labrys {holy, Valiant Fragile Fly
                  | SInv}
 80004 | Zig:13   | Identified the staff of air "Jegof" {rElec rN+ Int+5}
 80008 | Zig:13   | Identified the +6 dagger "Beetleslayer" {freeze, Int+3}
 80043 | Zig:14   | Entered Level 14 of a ziggurat
 80197 | Zig:14   | Identified the +6 morningstar of Evil {speed, Contam *Rage
                  | MP+9 Str+6}
 80249 | Zig:15   | Entered Level 15 of a ziggurat
 80321 | Zig:15   | Identified the amulet of Ymonk {Reflect rElec SH+5}
 80326 | Zig:15   | Identified the +7 falchion of Iseitriefa {freeze, rElec rN+
                  | Str+4 Int+2}
 80336 | Zig:15   | Identified the staff of air "Mup Felo" {rElec Dex+2}
 80366 | Zig:16   | Entered Level 16 of a ziggurat
 80446 | Zig:16   | Identified the +0 leather armour of Emaqot {Will+++ Regen+
                  | MP-9}
 80447 | Zig:16   | Identified the +5 broad axe of Yzeyhiuh {elec, rPois rF+}
 80448 | Zig:16   | Identified the amulet "Cimul" {Faith Rampage *Slow rN+++}
 80449 | Zig:16   | Identified the +8 flail "Melykeab" {heavy, Int+5 Dex-5
                  | SInv}
 80475 | Zig:16   | Identified the +3 leather armour of Lunavyo Kofu {rPois
                  | MP+9 Stlth+}
 80551 | Zig:17   | Entered Level 17 of a ziggurat
 80572 | Zig:17   | Reached skill level 5 in Throwing
 80610 | Zig:17   | Identified the amulet "Etti Ema" {Faith rC+}
 80617 | Zig:17   | Identified the ring of Doiplo {Fly Dex+3}
 80648 | Zig:17   | Identified the +1 mace "Killer Klown's Peril" {protect,
                  | Will++ SInv}
 80659 | Zig:17   | Identified the ring "Pevoph" {rF+ Will++ rCorr Int-3 Dex+3}
 80713 | Zig:18   | Entered Level 18 of a ziggurat
 80833 | Zig:18   | Identified the +1 scale mail of Ript {rPois Will+ Int+2}
 80834 | Zig:18   | Identified the staff of air "Tetuadaib" {rElec rF+ Str+3}
 80839 | Zig:18   | Identified the +0 ring mail of Efoguamir {Harm rC- Int+5}
 80845 | Zig:18   | Reached skill level 10 in Evocations
 80906 | Zig:19   | Entered Level 19 of a ziggurat
 80943 | Zig:19   | Found the +10 morningstar "Eos" {elec, Halo rElec}
 80961 | Zig:19   | Identified the ring of Ricown {rElec EV+5 Str+3}
 80962 | Zig:19   | Identified the +0 pair of boots of Dioniyn {Str+3}
 80970 | Zig:19   | Identified the +0 helmet "Elekk" {Drain rElec SInv}
 81007 | Zig:19   | Identified the +5 chain mail of Happiness {rF- rN+ Int+2}
 81011 | Zig:19   | Identified the staff of conjuration "Riegoc" {rN+ MP-9
                  | Dex+3}
 81103 | Zig:20   | Entered Level 20 of a ziggurat
 81124 | Zig:20   | Reached skill level 15 in Evocations
 81243 | Zig:20   | Identified the staff of cold "Carruisa" {rC+ Str+3}
 81296 | Zig:21   | Entered Level 21 of a ziggurat
 81321 | Zig:21   | Noticed an ancient lich
 81322 | Zig:21   | Killed an ancient lich
 81457 | Zig:21   | Identified the +6 flail of the Saviour {flame, rElec rCorr
                  | MP+9}
 81458 | Zig:21   | Identified the staff of air "Ysef Ogo" {rElec rPois rF+
                  | Will+}
 81462 | Zig:21   | Identified the staff of cold "Orull" {rC+ MP+9 Str+3 Dex+3}
 81465 | Zig:21   | Identified the +0 helmet of the Equinox {rF+}
 81466 | Zig:21   | Identified the staff of death "Getaj" {rC+ rN+ Str+2 Int+2}
 81467 | Zig:21   | Identified the +6 eveningstar of Ulaatit {freeze, Str+6
                  | Int+3}
 81471 | Zig:21   | Identified the staff of poison "Tesih" {rPois MP+9 Dex-3
                  | Stlth+}
 81474 | Zig:21   | Identified the +1 flail "Dragon's Tongue" {heavy, +Blink}
 81528 | Zig:22   | Entered Level 22 of a ziggurat
 81545 | Zig:22   | Noticed a juggernaut
 81549 | Zig:22   | Killed a juggernaut
 81564 | Zig:22   | Found the +12 glaive of Prune {freeze, Prune}
 81636 | Zig:22   | Identified the ring of Hicosui {Str+6 Int+4}
 81637 | Zig:22   | Identified the +1 shortbow "Inoaw" {heavy, rF+ Dex+3}
 81640 | Zig:22   | Identified the staff of poison "Hoz Qairadgh" {rPois SInv}
 81641 | Zig:22   | Identified the +8 morningstar of the Riding Asp {venom,
                  | Int+2}
 81648 | Zig:22   | Identified the +7 long sword "Xuroch" {heavy, rC+}
 81652 | Zig:22   | Identified the +8 sling of Gehufuam {freeze, Will+}
 81665 | Zig:22   | Identified the +1 ring mail "Qonoumavo" {+Blink}
 81725 | Zig:23   | Entered Level 23 of a ziggurat
 81746 | Zig:23   | Reached skill level 15 in Stealth
 81933 | Zig:23   | Identified the +0 scale mail "Duxkasso" {rElec rC+ Regen+}
 81936 | Zig:23   | Identified the +1 leather armour "Zeiggun" {Slay+5}
 81937 | Zig:23   | Identified the +2 pair of gloves of Broken Taboos {Harm}
 81942 | Zig:23   | Identified the +1 mace of the Ass {vamp, *Corrode Fly SInv}
 81945 | Zig:23   | Identified the +0 robe of Iblipsow {rC++ rCorr}
 81955 | Zig:23   | Acquired a manual of Air Magic
 81959 | Zig:23   | Identified the amulet of the Summoning Madman {Acrobat rC-
                  | Dex+4}
 81972 | Zig:23   | Identified the staff of cold "Zituanup" {rC+ Will- Int+7
                  | Dex+3}
 81979 | Zig:23   | Identified the staff of air "Vesofrem" {rElec rF- rN+++
                  | Will+ rCorr Dex+2}
 81984 | Zig:23   | Identified the ring of Teuzy {MP+9 Str+5}
 82019 | Zig:24   | Entered Level 24 of a ziggurat
 82036 | Zig:24   | Noticed an ancient lich
 82036 | Zig:24   | Noticed an ancient lich
 82038 | Zig:24   | Killed an ancient lich
 82038 | Zig:24   | Killed an ancient lich
 82038 | Zig:24   | Noticed an ancient lich
 82039 | Zig:24   | Killed an ancient lich
 82041 | Zig:24   | Reached skill level 15 in Throwing
 82042 | Zig:24   | Noticed a dread lich
 82043 | Zig:24   | Noticed an ancient lich
 82044 | Zig:24   | Killed a dread lich
 82044 | Zig:24   | Noticed a dread lich
 82045 | Zig:24   | Noticed a dread lich
 82046 | Zig:24   | Killed an ancient lich
 82046 | Zig:24   | Killed a dread lich
 82046 | Zig:24   | Killed a dread lich
 82047 | Zig:24   | Noticed a dread lich
 82048 | Zig:24   | Noticed a dread lich
 82048 | Zig:24   | Noticed a dread lich
 82048 | Zig:24   | Found the +8 autumn katana {manifold assault}
 82049 | Zig:24   | Killed a dread lich
 82050 | Zig:24   | Killed a dread lich
 82050 | Zig:24   | Killed a dread lich
 82058 | Zig:24   | Found the +8 demon trident "Rift" {distort, reach+}
 82205 | Zig:25   | Entered Level 25 of a ziggurat
 82229 | Zig:25   | Identified the +8 tower shield of Lugonu's Favour {rCorr
                  | Dex+3 Stlth-}
 82345 | Zig:25   | Found the +2 hat of the Bear Spirit {Spirit, Bear, *Rage
                  | Will++}
 82350 | Zig:25   | Identified the staff of fire "Comigra" {Fragile rF+ rC+
                  | Str+3}
 82351 | Zig:25   | Identified the +7 mace of War {drain, Int+2}
 82352 | Zig:25   | Identified the amulet of Xanony {Spirit rC+}
 82359 | Zig:25   | Identified the amulet "Zygyipna" {Faith rC+ rN+ SInv}
 82372 | Zig:25   | Identified the +2 spear of the Riding Pariah {heavy, rC+}
 82389 | Zig:25   | Identified the +8 scimitar of Guilt {drain, rF+ Str+5}
 82391 | Zig:25   | Identified the +4 spear of Voaschint {antimagic, rPois rN+
                  | Str+4}
 82399 | Zig:25   | Identified the amulet of the Establishment {Spirit Int+3
                  | Dex+3}
 82503 | Zig:26   | Entered Level 26 of a ziggurat
 82548 | Zig:26   | Reached skill level 15 in Shields
 82657 | Zig:26   | Identified the +2 battleaxe of Ferocious Action {heavy,
                  | rN+}
 82660 | Zig:26   | Identified the +6 sling of Death's Door {drain, Int+7
                  | Stlth+}
 82662 | Zig:26   | Identified the +5 war axe of Ash {heavy, rF+++ Int-5 Dex+4}
 82683 | Zig:26   | Identified the +2 dire flail of Qephiu {freeze, rN+ rCorr
                  | Str+2}
 82689 | Zig:26   | Identified the +7 mace of Vodka {flame, rElec rPois}
 82692 | Zig:26   | Identified the +0 leather armour "Vodgh" {+Inv rC++ MP+9
                  | Slay-2}
 82796 | Zig:27   | Entered Level 27 of a ziggurat
 82809 | Zig:27   | Noticed a royal mummy
 82810 | Zig:27   | Noticed a royal mummy
 82816 | Zig:27   | Killed a royal mummy
 82816 | Zig:27   | Killed a royal mummy
 82816 | Zig:27   | Noticed a royal mummy
 82820 | Zig:27   | Killed a royal mummy
 82830 | Zig:27   | Noticed a royal mummy
 82831 | Zig:27   | Noticed a royal mummy
 82835 | Zig:27   | Noticed a royal mummy
 82848 | Zig:27   | Killed a royal mummy
 82849 | Zig:27   | Killed a royal mummy
 82849 | Zig:27   | Killed a royal mummy
 82852 | Zig:27   | Noticed a royal mummy
 82852 | Zig:27   | Noticed a royal mummy
 82853 | Zig:27   | Noticed a royal mummy
 82854 | Zig:27   | Killed a royal mummy
 82854 | Zig:27   | Noticed a royal mummy
 82855 | Zig:27   | Killed a royal mummy
 82855 | Zig:27   | Killed a royal mummy
 82856 | Zig:27   | Noticed a royal mummy
 82856 | Zig:27   | Noticed a royal mummy
 82856 | Zig:27   | Noticed a royal mummy
 82857 | Zig:27   | Noticed a royal mummy
 82857 | Zig:27   | Noticed a royal mummy
 82858 | Zig:27   | Killed a royal mummy
 82858 | Zig:27   | Killed a royal mummy
 82858 | Zig:27   | Killed a royal mummy
 82859 | Zig:27   | Killed a royal mummy
 82859 | Zig:27   | Killed a royal mummy
 82859 | Zig:27   | Noticed a royal mummy
 82860 | Zig:27   | Killed a royal mummy
 82861 | Zig:27   | Killed a royal mummy
 82861 | Zig:27   | Noticed a royal mummy
 82862 | Zig:27   | Noticed a royal mummy
 82863 | Zig:27   | Noticed a royal mummy
 82863 | Zig:27   | Noticed a royal mummy
 82863 | Zig:27   | Noticed a royal mummy
 82864 | Zig:27   | Killed a royal mummy
 82864 | Zig:27   | Noticed a royal mummy
 82865 | Zig:27   | Killed a royal mummy
 82865 | Zig:27   | Killed a royal mummy
 82865 | Zig:27   | Killed a royal mummy
 82865 | Zig:27   | Killed a royal mummy
 82865 | Zig:27   | Noticed a royal mummy
 82866 | Zig:27   | Killed a royal mummy
 82866 | Zig:27   | Noticed a royal mummy
 82869 | Zig:27   | Killed a royal mummy
 82870 | Zig:27   | Killed a royal mummy
 82961 | Zig:27   | Identified the staff of air "Ydwail" {rElec rC+ rN+}
 82980 | Zig:27   | Learned a level 9 spell: Polar Vortex
 82981 | Zig:27   | Identified the ring "Itoghegh" {Wiz rC+ Dex+2}
 82992 | Zig:27   | Identified the +4 ring mail of Disaster {rC+ Regen+}
 83362 | Coc:1    | Entered Level 1 of Cocytus
 83507 | Coc:1    | Gained mutation: You have hidden genetic defects.
                  | [mutagenic glow]
 83572 | Hell     | Lost mutation: You have a somewhat thin skeletal structure.
                  | (Dex +2, Stealth+) [potion of mutation]
 83572 | Hell     | Lost mutation: Your movements are slightly less encumbered
                  | by armour. (ER -2) [potion of mutation]
 83572 | Hell     | Lost mutation: You have hidden genetic defects. [potion of
                  | mutation]
 83572 | Hell     | Gained mutation: You are dopey. (Int -2) [potion of
                  | mutation]
 83572 | Hell     | Gained mutation: You are robust. (+10% HP) [potion of
                  | mutation]
 83573 | Hell     | Lost mutation: You have supernaturally acute eyesight.
                  | (SInv) [potion of mutation]
 83573 | Hell     | Lost mutation: You are dopey. (Int -2) [potion of mutation]
 83573 | Hell     | Lost mutation: You are partially covered in iridescent
                  | scales. (AC +2) [potion of mutation]
 83573 | Hell     | Gained mutation: Your mind is acute. (Int +4, Str/Dex -1)
                  | [potion of mutation]
 83897 | Zig:1    | Entered Level 1 of a ziggurat
 83899 | Zig:1    | Paralysed by an air elemental for 1 turns
 83931 | Zig:2    | Entered Level 2 of a ziggurat
 83947 | Zig:3    | Entered Level 3 of a ziggurat
 83974 | Zig:4    | Entered Level 4 of a ziggurat
 84040 | Zig:5    | Entered Level 5 of a ziggurat
 84052 | Zig:5    | Identified the +10 spear of the Goat {chaos, Str+3}
 84072 | Zig:6    | Entered Level 6 of a ziggurat
 84074 | Zig:6    | Noticed a royal mummy
 84075 | Zig:6    | Noticed a royal mummy
 84075 | Zig:6    | Noticed a royal mummy
 84076 | Zig:6    | Found the +1 cloak of Starlight {*Dazzle EV+4 Stlth--}
 84078 | Zig:6    | Killed a royal mummy
 84078 | Zig:6    | Killed a royal mummy
 84079 | Zig:6    | Killed a royal mummy
 84166 | Zig:6    | Identified the -1 cloak of Reoh Zee {Harm rElec}
 84186 | Zig:7    | Entered Level 7 of a ziggurat
 84197 | Zig:7    | Identified the +1 dagger "Zumoischi" {speed, +Blink Str+2}
 84205 | Zig:7    | Identified the +7 quarterstaff of the Goat {venom, +Blink
                  | MP+9 Str+3 Int-3}
 84221 | Zig:8    | Entered Level 8 of a ziggurat
 84265 | Zig:8    | Identified the +3 flail of Ivveimopp {drain, *Noise rN+
                  | rCorr Int+3}
 84277 | Zig:9    | Entered Level 9 of a ziggurat
 84335 | Zig:9    | Identified the +1 ring mail "Nuzeivep" {Dex+4}
 84343 | Zig:10   | Entered Level 10 of a ziggurat
 84349 | Zig:10   | Noticed a juggernaut
 84351 | Zig:10   | Noticed a juggernaut
 84351 | Zig:10   | Noticed a juggernaut
 84352 | Zig:10   | Killed a juggernaut
 84353 | Zig:10   | Killed a juggernaut
 84354 | Zig:10   | Killed a juggernaut
 84358 | Zig:10   | Found the +2 pair of slick slippers {slick, slippery, EV+4}
 84384 | Zig:10   | Identified the ring of Dajacw {rF+ Str+6 Int+3 Stlth+}
 84386 | Zig:10   | Identified the ring "Xust" {rF+ Will+}
 84389 | Zig:10   | Identified the +5 halberd of Internal Strife {flame, rF-
                  | rC++ Str+2}
 84408 | Zig:11   | Entered Level 11 of a ziggurat
 84428 | Zig:11   | Found the +5 scythe "Finisher" {speed, execute}
 84428 | Zig:11   | Found the +8 longbow "Zephyr" {speed, Dex+3 SInv}
 84485 | Zig:12   | Entered Level 12 of a ziggurat
 84535 | Zig:12   | Identified the +4 broad axe of Dissolution {heavy, rElec
                  | rPois rF++ Str-2}
 84564 | Zig:13   | Entered Level 13 of a ziggurat
 84583 | Zig:13   | Noticed an ancient lich
 84585 | Zig:13   | Killed an ancient lich
 84632 | Zig:13   | Identified the +8 plate armour of Insurance {rF- rC- rN+
                  | Dex+7}
 84643 | Zig:13   | Identified the +2 robe of Grace {Will+}
 84688 | Zig:14   | Entered Level 14 of a ziggurat
 84708 | Zig:14   | Found the ring of the Hare {EV+10}
 84728 | Zig:14   | Identified the ring of Perfectionism {Ice Will+}
 84738 | Zig:14   | Identified the +3 falchion of Cheibriados, Dancing {venom,
                  | SInv}
 84777 | Zig:15   | Entered Level 15 of a ziggurat
 84874 | Zig:15   | Found the +0 pair of fencer's gloves {Riposte Dex+3}
 84887 | Zig:15   | Identified the staff of conjuration "Ysireuc" {rC+ Int+2}
 84894 | Zig:15   | Identified the +7 acid dragon scales of Forking Paths
                  | {Rampage rF- rCorr Int+3}
 84925 | Zig:15   | Identified the +1 hand axe of Zodgh {heavy, Dex+2}
 84939 | Zig:16   | Entered Level 16 of a ziggurat
 85004 | Zig:16   | Identified the +7 chain mail "Larant" {rN++ Str-3}
 85010 | Zig:16   | Identified the ring "Immodd" {Fly rN+ Dex+2}
 85016 | Zig:16   | Identified the +2 pair of boots of the Sea {rF+ Dex+6}
 85054 | Zig:17   | Entered Level 17 of a ziggurat
 85078 | Zig:17   | Found the brooch of Shielding {Spirit SH+8}
 85115 | Zig:17   | Identified the ring "Ismoanga" {*Corrode rElec rF+ Int+3
                  | Dex+4}
 85140 | Zig:17   | Identified the +7 shortbow "Xohesuotis" {elec, rF+ Stlth+}
 85178 | Zig:18   | Entered Level 18 of a ziggurat
 85212 | Zig:18   | Found the +16 obsidian axe {drain, demonic, Mesm Drain Fly
                  | SInv}
 85313 | Zig:18   | Identified the +0 leather armour "Dennu" {+Inv rCorr}
 85321 | Zig:18   | Identified the +10 lajatang "Conservator" {drain, Fly
                  | Str+6}
 85328 | Zig:18   | Identified the ring of Zobommal {Dex+3 SInv}
 85381 | Zig:19   | Entered Level 19 of a ziggurat
 85395 | Zig:19   | Noticed a dread lich
 85397 | Zig:19   | Killed a dread lich
 85403 | Zig:19   | Noticed a dread lich
 85405 | Zig:19   | Killed a dread lich
 85405 | Zig:19   | Noticed a dread lich
 85407 | Zig:19   | Killed a dread lich
 85407 | Zig:19   | Noticed a dread lich
 85412 | Zig:19   | Killed a dread lich
 85429 | Zig:19   | Found the ring of the Octopus King
 85465 | Zig:19   | Identified the staff of air "Kuth" {*Corrode rElec rF+ rN+
                  | Int+4}
 85480 | Zig:19   | Identified a ring of the Octopus King {HP+2 MP+9 AC+2 EV+2
                  | SH+2}
 85482 | Zig:19   | Identified the +6 sling of Hiptak {flame, Drain Fly Stlth+}
 85486 | Zig:19   | Identified the ring of Nuaschije {+Blink rC+ Str+2}
 85487 | Zig:19   | Identified the staff of conjuration "Weliref" {Stlth+}
 85549 | Zig:20   | Entered Level 20 of a ziggurat
 85607 | Zig:20   | Reached skill level 15 in Dodging
 85717 | Zig:20   | Found the +8 frozen axe "Frostbite" {freeze, freezing
                  | cloud, *Noise Fly rC+}
 85721 | Zig:20   | Identified the +0 leather armour of the Lair of Beasts
                  | {Will+ Dex+2 Slay+5}
 85722 | Zig:20   | Identified the ring "Pebe" {+Blink Fly rN+ rCorr}
 85744 | Zig:20   | Identified the staff of death "Haom" {rPois rN+ rCorr Str-4
                  | Dex+4}
 85757 | Zig:20   | Identified the +0 scale mail "Kyte" {rN+ Dex+3}
 85800 | Zig:21   | Entered Level 21 of a ziggurat
 85818 | Zig:21   | Paralysed by an air elemental for 1 turns
 85927 | Zig:21   | Identified the ring of Ycrikh {Fire rPois rN+ rCorr Int+3}
 85929 | Zig:21   | Identified the +3 morningstar "Wazautuh" {flame, *Rage
                  | *Slow rF++ Dex+3}
 85933 | Zig:21   | Identified the +1 scale mail of Sedduups {rC++ rN+ Str+2
                  | Int-5}
 86014 | Zig:22   | Entered Level 22 of a ziggurat
 86252 | Zig:22   | Identified the staff of earth "Omem" {rElec rPois Str+3
                  | Dex-3}
 86256 | Zig:22   | Identified the +9 falchion of Laceration {vamp, rN+}
 86266 | Zig:22   | Identified the +9 bardiche "Etacsit" {pain, rElec rC+
                  | Int-5}
 86273 | Zig:22   | Identified the staff of air "Amunwuw" {rElec rCorr}
 86275 | Zig:22   | Identified the +6 arbalest "Tacyfay" {freeze, rC+}
 86321 | Zig:23   | Entered Level 23 of a ziggurat
 86336 | Zig:23   | Noticed an ancient lich
 86338 | Zig:23   | Noticed a dread lich
 86339 | Zig:23   | Killed an ancient lich
 86339 | Zig:23   | Killed a dread lich
 86342 | Zig:23   | Noticed a dread lich
 86343 | Zig:23   | Killed a dread lich
 86346 | Zig:23   | Noticed a dread lich
 86347 | Zig:23   | Killed a dread lich
 86348 | Zig:23   | Noticed a dread lich
 86350 | Zig:23   | Killed a dread lich
 86351 | Zig:23   | Noticed a dread lich
 86352 | Zig:23   | Killed a dread lich
 86353 | Zig:23   | Noticed a dread lich
 86354 | Zig:23   | Killed a dread lich
 86390 | Zig:23   | Identified the +3 morningstar of Mourning {freeze, *Corrode
                  | Str+2 Int+3 Dex+3}
 86392 | Zig:23   | Identified the +3 mace of Karma {freeze, rPois rC- Will++
                  | Dex+2}
 86398 | Zig:23   | Identified the +1 helmet of the Peculiar Emperors {Str+6
                  | Int-4}
 86402 | Zig:23   | Identified the ring of Alypn {MP+9 Int+4 Dex+3}
 86409 | Zig:23   | Identified the +8 chain mail of Least Resistance {Str+4}
 86424 | Zig:23   | Identified the +2 morningstar "Wofuw" {flame, *Rage MP+9
                  | Int+5 Stlth+}
 86493 | Zig:24   | Entered Level 24 of a ziggurat
 86518 | Zig:24   | Noticed Zameimif the pandemonium lord
 86523 | Zig:24   | Killed Zameimif the pandemonium lord
 86762 | Zig:24   | Identified the +0 whip "Dragonslayer" {freeze, MP+9}
 86770 | Zig:24   | Identified the staff of earth "Caujet" {Fly Str+6 Int-3
                  | Dex+3}
 86772 | Zig:24   | Identified the +7 arbalest of the Morning {drain, rF+ rC+
                  | SInv}
 86793 | Zig:25   | Entered Level 25 of a ziggurat
 86812 | Zig:25   | Noticed a dread lich
 86813 | Zig:25   | Killed a dread lich
 86816 | Zig:25   | Reached skill level 27 in Fighting
 87166 | Zig:25   | Found the +9 staff of Olgreb {rPois∞}
 87169 | Zig:25   | Found the +13 scythe of Curses {drain, curses, Drain}
 87186 | Zig:25   | Identified the ring "Daeph" {Wiz Will+}
 87190 | Zig:25   | Identified the staff of air "Fesi" {Fragile rElec rPois rF+
                  | Int+3}
 87200 | Zig:25   | Identified the +1 leather armour "Egomybleten" {Int+4}
 87248 | Zig:26   | Entered Level 26 of a ziggurat
 87264 | Zig:26   | Noticed Gewkus the pandemonium lord
 87286 | Zig:26   | Noticed Ifizoem the pandemonium lord
 87291 | Zig:26   | Noticed Sitruj the pandemonium lord
 87298 | Zig:26   | Noticed Zaroef the pandemonium lord
 87298 | Zig:26   | Noticed Wommuxza the pandemonium lord
 87298 | Zig:26   | Noticed Jaach the pandemonium lord
 87298 | Zig:26   | Noticed Jeip the pandemonium lord
 87309 | Zig:26   | Killed Zaroef the pandemonium lord
 87310 | Zig:26   | Noticed Vobu the pandemonium lord
 87311 | Zig:26   | Killed Wommuxza the pandemonium lord
 87311 | Zig:26   | Noticed Ranag the pandemonium lord
 87312 | Zig:26   | Noticed Eteob the pandemonium lord
 87312 | Zig:26   | Noticed Qomoefuf the pandemonium lord
 87312 | Zig:26   | Killed Jeip the pandemonium lord
 87312 | Zig:26   | Killed Ifizoem the pandemonium lord
 87312 | Zig:26   | Noticed Gikumm the pandemonium lord
 87313 | Zig:26   | Killed Jaach the pandemonium lord
 87313 | Zig:26   | Killed Eteob the pandemonium lord
 87316 | Zig:26   | Noticed Loba the pandemonium lord
 87316 | Zig:26   | Killed Gewkus the pandemonium lord
 87316 | Zig:26   | Noticed Harph the pandemonium lord
 87318 | Zig:26   | Noticed Esoul the pandemonium lord
 87318 | Zig:26   | Noticed Ruyxy the pandemonium lord
 87360 | Zig:26   | Killed Ruyxy the pandemonium lord
 87361 | Zig:26   | Noticed Udoloimm the pandemonium lord
 87363 | Zig:26   | Killed Udoloimm the pandemonium lord
 87364 | Zig:26   | Noticed Plog the pandemonium lord
 87364 | Zig:26   | Noticed Heibaext the pandemonium lord
 87365 | Zig:26   | Noticed Podun the pandemonium lord
 87365 | Zig:26   | Noticed Sexe the pandemonium lord
 87367 | Zig:26   | Noticed Teohad the pandemonium lord
 87367 | Zig:26   | Noticed Xavetyrape the pandemonium lord
 87368 | Zig:26   | Killed Sexe the pandemonium lord
 87368 | Zig:26   | Killed Qomoefuf the pandemonium lord
 87368 | Zig:26   | Noticed Raptiz the pandemonium lord
 87369 | Zig:26   | Killed Plog the pandemonium lord
 87369 | Zig:26   | Killed Teohad the pandemonium lord
 87371 | Zig:26   | Killed Raptiz the pandemonium lord
 87372 | Zig:26   | Noticed Dabudali the pandemonium lord
 87373 | Zig:26   | Killed Heibaext the pandemonium lord
 87374 | Zig:26   | Killed Xavetyrape the pandemonium lord
 87374 | Zig:26   | Killed Esoul the pandemonium lord
 87376 | Zig:26   | Killed Gikumm the pandemonium lord
 87377 | Zig:26   | Killed Dabudali the pandemonium lord
 87377 | Zig:26   | Noticed Soloysy the pandemonium lord
 87380 | Zig:26   | Killed Podun the pandemonium lord
 87381 | Zig:26   | Noticed Duenykuj the pandemonium lord
 87385 | Zig:26   | Noticed Toblolef the pandemonium lord
 87386 | Zig:26   | Killed Soloysy the pandemonium lord
 87387 | Zig:26   | Killed Duenykuj the pandemonium lord
 87389 | Zig:26   | Noticed Guir the pandemonium lord
 87389 | Zig:26   | Noticed Pueluf Zua the pandemonium lord
 87391 | Zig:26   | Reached skill level 27 in Armour
 87394 | Zig:26   | Noticed Vakat the pandemonium lord
 87394 | Zig:26   | Noticed Ykinyjon the pandemonium lord
 87394 | Zig:26   | Noticed Vovae the pandemonium lord
 87394 | Zig:26   | Noticed Kawiuthru the pandemonium lord
 87394 | Zig:26   | Noticed Rextoesa the pandemonium lord
 87394 | Zig:26   | Noticed Godun the pandemonium lord
 87395 | Zig:26   | Noticed Tyacvogg the pandemonium lord
 87413 | Zig:26   | Noticed Kewuam the pandemonium lord
 87422 | Zig:26   | Noticed Oduahi Dych the pandemonium lord
 87425 | Zig:26   | Found the +5 glaive of the Guard {elec, spectral, AC+5}
 87432 | Zig:27   | Entered Level 27 of a ziggurat
 87733 | Zig:27   | Identified the +3 plate armour of the Sacrificial Victim
                  | {-Cast rCorr Dex+8 Stlth+}
 87734 | Zig:27   | Identified the ring "Ufiun" {rN+ Int+2 SInv}
 87744 | Zig:27   | Identified the +4 morningstar of Taen {freeze, rF+ rC+
                  | Will+ Int+3}
 87745 | Zig:27   | Identified the staff of earth "Sorr" {rPois rF- rC+}
 87759 | Zig:27   | Identified the staff of conjuration "Xureng" {Fly rElec rC-
                  | Stlth-}
 87760 | Zig:27   | Identified the +5 short sword of the Spheres {holy, rF+}
 87763 | Zig:27   | Identified the staff of air "Lafroucw" {rElec rPois Dex+5}
 87774 | Zig:27   | Identified the +1 robe of Idealism {rPois Stlth+}
 87845 | Hell     | Acquired the +3 pair of gauntlets of War {Slay+5}
 87845 | Hell     | Found the +3 pair of gauntlets of War {Slay+5}
 87846 | Hell     | Acquired a Grand Grimoire
 87850 | Hell     | Acquired the +4 kite shield "Lyul" {Int+3}
 88062 | Coc:4    | You are sucked into a shaft and drop 2 floors!
 88082 | Coc:6    | Noticed an ancient lich
 88152 | Coc:6    | Killed an ancient lich
 88187 | Coc:7    | Entered Level 7 of Cocytus
 88193 | Coc:7    | Paralysed by a wendigo for 1 turns
 88275 | Coc:7    | Paralysed by a wendigo for 1 turns
 88338 | Coc:7    | Reached skill level 27 in Spellcasting
 88722 | Coc:7    | Identified the ring "Qoarup" {rPois rF+ rCorr Dex+6 SInv}
 88745 | Coc:7    | Identified the staff of death "Jeta" {rF+ rN+ Will+ Dex+3}
 89191 | Coc:7    | Noticed Antaeus
 89214 | Coc:7    | Killed Antaeus
 89417 | Coc:7    | Got an icy rune of Zot
 89432 | Coc:7    | Identified the ring of Ycutakhlau {*Slow rF+ Str+2 Dex+6}
 89604 | Geh:1    | Entered Level 1 of Gehenna
 89787 | Geh:1    | Reached skill level 1 in Staves
 89892 | Geh:3    | Reached skill level 5 in Staves
 90378 | Geh:5    | Learned a level 9 spell: Death's Door
 90464 | Geh:7    | Entered Level 7 of Gehenna
 90872 | Geh:7    | Noticed the Serpent of Hell
 90883 | Geh:7    | Killed the Serpent of Hell
 91357 | Geh:7    | Learned a level 1 spell: Apportation
 91446 | Geh:7    | Found the +13 sceptre of Asmodeus
 91446 | Geh:7    | Noticed Asmodeus
 91461 | Geh:7    | Killed Asmodeus
 91467 | Geh:7    | Got an obsidian rune of Zot
 91472 | Geh:7    | Identified the staff of fire "Meojarr" {rPois rF+ rC+ MP+9}
 91613 | Tar:1    | Entered Level 1 of Tartarus
 92495 | Tar:7    | Entered Level 7 of Tartarus
 92604 | Tar:7    | Noticed a dread lich
 92608 | Tar:7    | Killed a dread lich
 92631 | Tar:7    | Noticed a dread lich
 92633 | Tar:7    | Killed a dread lich
 92754 | Tar:7    | Noticed a dread lich
 92756 | Tar:7    | Killed a dread lich
 93084 | Tar:7    | Noticed Ereshkigal
 93088 | Tar:7    | Noticed a dread lich
 93112 | Tar:7    | Killed Ereshkigal
 93120 | Tar:7    | Killed a dread lich
 93287 | Tar:7    | Found the +8 Vampire's Tooth {megavamp}
 93293 | Tar:7    | Identified the ring "Fut Isurph" {Ice Str+5}
 93397 | Tar:7    | Identified the amulet "Zemuh" {Faith Harm Rampage Drain
                  | Str+5}
 93402 | Tar:7    | Identified the ring of Dizo Ome {EV+5 Str+3 Stlth+}
 93405 | Tar:7    | Identified the ring of Oqil {MP+9 AC+4}
 93441 | Tar:7    | Identified the staff of fire "Wetanusch" {rF+ rN+ Will+
                  | Str+2}
 93588 | Tar:7    | Got a bone rune of Zot
 94112 | Dis:1    | Entered Level 1 of the Iron City of Dis
 94159 | Dis:2    | Noticed a juggernaut
 94164 | Dis:2    | Killed a juggernaut
 94828 | Dis:7    | Entered Level 7 of the Iron City of Dis
 95333 | Dis:7    | Noticed a juggernaut
 95339 | Dis:7    | Killed a juggernaut
 95413 | Dis:7    | Identified the +11 arbalest of Sequestration {freeze,
                  | rPois}
 95420 | Dis:7    | Identified the staff of fire "Pominwyhobb" {rF+ Dex+5}
 96138 | Dis:7    | Reached skill level 27 in Stealth
 96474 | Dis:7    | Identified the ring "Fyohu" {rElec Will- AC+4 Dex+2}
 96484 | Dis:7    | Noticed Dispater
 96490 | Dis:7    | Noticed a juggernaut
 96503 | Dis:7    | Killed a juggernaut
 96509 | Dis:7    | Killed Dispater
 96594 | Dis:7    | Found the orb of Dispater {+Damnation *Corrode AC+5}
 96632 | Dis:7    | Got an iron rune of Zot
 96636 | Dis:7    | Identified the staff of air "Noumyrph" {rElec rPois Will-
                  | Dex+5}
 96638 | Dis:7    | Identified the staff of earth "Kuphebb" {Str+5}
 97064 | Snake:3  | Bought a lightning rod (4/4) for 540 gold pieces
 97408 | Pan      | Entered Pandemonium
 97429 | Pan      | Noticed Dilih the pandemonium lord
 97438 | Pan      | Killed Dilih the pandemonium lord
 98420 | Pan      | Identified the +8 ring mail of the Contumacious God
                  | {Rampage *Corrode Will+}
 98525 | Pan      | Entered the realm of Gloorx Vloq.
 98660 | Pan      | Noticed Gloorx Vloq
 98665 | Pan      | Killed Gloorx Vloq
 98712 | Pan      | Got a dark rune of Zot
 99052 | Pan      | Noticed Ignacio
 99062 | Pan      | Killed Ignacio
 99840 | Pan      | Entered the realm of Cerebov.
 99914 | Pan      | Identified the +1 pair of gloves of Wallah {Harm rF++ rCorr
                  | Dex-5}
100033 | Pan      | Identified the ring "Xewyddosch" {rCorr Str+6 Int+3}
100165 | Pan      | Found the +6 sword of Cerebov {flame}
100165 | Pan      | Noticed Cerebov
100202 | Pan      | Killed Cerebov
100312 | Pan      | Identified the +3 leather armour of Xuxesk {-Cast rPois rN+
                  | Will++}
100365 | Pan      | Identified the staff of cold "Keme" {rC+ Str+3 Dex+3}
100366 | Pan      | Identified the ring of Lady Luck {rF+ rC- rN+ Int+4 Dex+4}
100370 | Pan      | Identified the +2 chain mail "Honkor" {rPois Str+2 Int-3}
100500 | Pan      | Got a fiery rune of Zot
100532 | Pan      | Identified the +6 long sword of Uduoptoo {heavy, rElec SInv
                  | Stlth+}
100793 | Pan      | Noticed Wauxtiry the pandemonium lord
100800 | Pan      | Killed Wauxtiry the pandemonium lord
100813 | Pan      | Found an exit through the horrors of the Abyss.
100971 | Pan      | Got a demonic rune of Zot
101631 | Pan      | Noticed Kiusin the pandemonium lord
101637 | Pan      | Killed Kiusin the pandemonium lord
101968 | Pan      | Entered the realm of Lom Lobon.
101968 | Pan      | Found an exit through the horrors of the Abyss.
102758 | Pan      | Reached skill level 27 in Evocations
102955 | Pan      | Noticed Lom Lobon
102966 | Pan      | Killed Lom Lobon
102994 | Pan      | Got a magical rune of Zot
103264 | Pan      | Entered the realm of Mnoleg.
103930 | Pan      | Noticed Mnoleg
103935 | Pan      | Killed Mnoleg
103953 | Pan      | Got a glowing rune of Zot
104340 | Pan      | Found an exit through the horrors of the Abyss.
104349 | Pan      | Took an exit into the Abyss.
104349 | Abyss:4  | Escaped into the Abyss
104384 | Abyss:4  | Found a corrupted altar of Lugonu.
104442 | Abyss:4  | Found a sacrificial altar of Ru.
104460 | Depths:2 | Escaped the Abyss
104722 | Crypt:1  | Killed Bai Suzhen
105541 | Crypt:1  | Found the +6 Majin-Bo {spellvamp, MP+6 Int+6}
106472 | Crypt:3  | Entered Level 3 of the Crypt
106736 | Crypt:3  | Noticed Margery
106738 | Crypt:3  | Killed Margery
107393 | Crypt:3  | Noticed Jory
107396 | Crypt:3  | Killed Jory
107689 | Crypt:3  | Found a staircase to the Tomb.
107869 | Crypt:3  | Identified the quicksilver dragon scales of Proximity
                  | {-Cast Rampage rElec rN++ Will+}
107870 | Crypt:3  | Identified the +4 shortbow of Ypil {drain, Dex+5}
107871 | Crypt:3  | Identified the +8 chain mail of Ibaywymubb {rF+}
108370 | Tomb:1   | Entered Level 1 of the Tomb of the Ancients
108491 | Tomb:1   | Noticed a royal mummy
108493 | Tomb:1   | Noticed a royal mummy
108493 | Tomb:1   | Noticed a royal mummy
108493 | Tomb:1   | Noticed a royal mummy
108494 | Tomb:1   | Killed a royal mummy
108495 | Tomb:1   | Noticed a royal mummy
108496 | Tomb:1   | Killed a royal mummy
108496 | Tomb:1   | Noticed a royal mummy
108497 | Tomb:1   | Killed a royal mummy
108497 | Tomb:1   | Killed a royal mummy
108498 | Tomb:1   | Killed a royal mummy
108499 | Tomb:1   | Killed a royal mummy
108574 | Tomb:1   | Noticed a royal mummy
108576 | Tomb:1   | Noticed a royal mummy
108576 | Tomb:1   | Noticed a royal mummy
108579 | Tomb:1   | Killed a royal mummy
108579 | Tomb:1   | Killed a royal mummy
108579 | Tomb:1   | Killed a royal mummy
108631 | Tomb:1   | Noticed a royal mummy
108635 | Tomb:1   | Killed a royal mummy
108637 | Tomb:1   | Noticed a royal mummy
108640 | Tomb:1   | Killed a royal mummy
108696 | Tomb:1   | Noticed a royal mummy
108701 | Tomb:1   | Killed a royal mummy
108863 | Tomb:2   | Noticed a royal mummy
108863 | Tomb:2   | Noticed a royal mummy
108864 | Tomb:2   | Noticed a royal mummy
108864 | Tomb:2   | Noticed a royal mummy
108865 | Tomb:2   | Killed a royal mummy
108866 | Tomb:2   | Killed a royal mummy
108866 | Tomb:2   | Killed a royal mummy
108867 | Tomb:2   | Killed a royal mummy
108871 | Tomb:2   | Reached skill level 27 in Conjurations
108888 | Tomb:2   | Reached skill level 27 in Fire Magic
109174 | Tomb:3   | Entered Level 3 of the Tomb of the Ancients
109189 | Tomb:3   | Noticed Mennas
109193 | Tomb:3   | Killed Mennas
109195 | Tomb:3   | Noticed a royal mummy
109196 | Tomb:3   | Noticed a royal mummy
109196 | Tomb:3   | Noticed a royal mummy
109196 | Tomb:3   | Noticed a royal mummy
109198 | Tomb:3   | Killed a royal mummy
109198 | Tomb:3   | Killed a royal mummy
109198 | Tomb:3   | Killed a royal mummy
109199 | Tomb:3   | Killed a royal mummy
109199 | Tomb:3   | Noticed a royal mummy
109200 | Tomb:3   | Noticed a royal mummy
109203 | Tomb:3   | Killed a royal mummy
109203 | Tomb:3   | Noticed a royal mummy
109204 | Tomb:3   | Killed a royal mummy
109205 | Tomb:3   | Killed a royal mummy
109213 | Tomb:3   | Noticed a royal mummy
109218 | Tomb:3   | Killed a royal mummy
109225 | Tomb:3   | Noticed a royal mummy
109227 | Tomb:3   | Killed a royal mummy
109461 | Tomb:3   | Got a golden rune of Zot
109568 | Tomb:3   | Identified the staff of cold "Gikam" {rF++ rC+ Will+ Dex-3}
109578 | Tomb:3   | Identified the +0 leather armour of Bisufoil {Dex+3}
109587 | Tomb:3   | Identified the staff of poison "Bealoarch" {Contam rPois
                  | rF+ rN+ Str+3}
110213 | Zot:5    | Entered Level 5 of the Realm of Zot
110375 | Zot:5    | Identified the amulet "Meshrylurgh" {Spirit Fragile Dex+4}
110579 | Zot:5    | Noticed an orb of fire
110583 | Zot:5    | Killed an orb of fire
110584 | Zot:5    | Reached skill level 27 in Ice Magic
110729 | Zot:5    | Noticed an orb of fire
110736 | Zot:5    | Noticed a dread lich
110737 | Zot:5    | Killed an orb of fire
110738 | Zot:5    | Killed a dread lich
110753 | Zot:5    | Noticed a dread lich
110755 | Zot:5    | Killed a dread lich
110759 | Zot:5    | Noticed an orb of fire
110764 | Zot:5    | Noticed an orb of fire
110766 | Zot:5    | Noticed an orb of fire
110770 | Zot:5    | Killed an orb of fire
110770 | Zot:5    | Noticed a dread lich
110772 | Zot:5    | Killed an orb of fire
110773 | Zot:5    | Killed an orb of fire
110775 | Zot:5    | Killed a dread lich
111079 | Zot:5    | Got the Orb of Zot
111130 | Zot:4    | Noticed Rumeck the pandemonium lord
111133 | Zot:4    | Killed Rumeck the pandemonium lord
111264 | Depths:3 | Noticed Ucsas the pandemonium lord
111450 | D:10     | Noticed Diehedam the pandemonium lord
111450 | D:10     | Noticed an ancient lich
111601 | D:3      | Noticed a seraph
111660 | D:1      | Noticed Fapon the pandemonium lord
111663 | D:1      | Killed Fapon the pandemonium lord
111671 | D:$      | Escaped with the Orb!

Illustrated notes

Levels and vault maps discovered:
D:1:      saegor_arrival_simple_e, layout_basic, patterned_corridor
D:2:      layout_basic
D:3:      layout_loops_cross, st_stairs_1
D:4:      layout_rooms, minmay_goblin_kobold_house
D:5:      layout_cave_pods, nemelex_diamond_rough_becter, serial_bayou,
          serial_bayou_lagoon_b, serial_bayou_shore_a, serial_bayou_pond_c,
          serial_bayou_pond_e, uniq_duvessa
D:6:      layout_rooms, portal_sewer_entry_a
D:7:      layout_loops_corners, minmay_temple_entry_slanted, enter_bailey_5,
          uniq_joseph
D:8:      layout_rooms, nzn_ghost_randoct, gup_ossuary_entry_pyramid
D:9:      layout_loops_ring, grunt_temple_overflow_open, serial_shops,
          nicolae_shop_bloodbath_and_beyond, uniq_erica, uniq_amaemon,
          uniq_psyche
D:10:     layout_rooms, st_stairs_8, nicolae_figureground_pulse
D:11:     layout_big_octagon, grunt_lair_entry_orc_guard_hut,
          gauntlet_entry_generic, minivault_23
D:12:     layout_roguey, hiddenorc1_lemuel, uniq_nessos
D:13:     layout_cave_pools, lightli_vaults_fourway_checkpoint
D:14:     layout_long_grid, minivault_11
D:15:     hangedman_depths_entry_try_elsewhere_first, layout_irregular_city,
          corexii_corridor_pit, minmay_shop_mayhem, minivault_12, uniq_josephine
Temple:   nicolae_temple_slightly_damp_pantheon
Lair:1:   layout_concentric_octagons, minivault_24, st_stairs_4,
          serial_bayou_shore_b
Lair:2:   regret_index_combs_of_tragedy, layout_gridlike,
          minmay_swamp_entry_eels, hellmonk_ghost_happy_afterlife,
          kennysheep_rathole
Lair:3:   layout_gridlike, guppyfry_snake_entry_garden, grunt_megastairs_1,
          infiniplex_staircase_pool
Lair:4:   layout_layer_cave, special_room [special_room_bee]
Lair:5:   hangedman_lair_tendril_chambers, layout_loops_ring, slime_entry_1,
          special_room [special_room_mythical_zoo], kennysheep_abandoned_house,
          infiniplex_staircase_pool_2
Swamp:1:  gammafunk_worm_tunnel, layout_basic_swamp, ebering_ghost_inner_flame,
          evilmike_swamp_ruin_house_5
Swamp:2:  layout_falls_marsh, ebering_ghost_reflecting_pool,
          hangedman_swamp_blocks, swamp_pool1, uniq_mlioglotl
Swamp:3:  layout_falls_marsh, hangedman_swamp_ruin_hall
Swamp:4:  swamp_basic_johnstein, layout_basic_swamp,
          nicolae_swamp_orc_logging_accident, swamp_pool4,
          nicolae_swamp_thats_no_hydra
Snake:1:  layout_layer_cave, basic_altar, st_stairs_11, serial_bayou_shore_b,
          grunt_megastairs_2, uniq_aizul
Snake:2:  layout_misc_corridors, grunt_megastairs_4
Snake:3:  layout_cave_town, nicolae_shop_gadgets, lemuel_fruit_tree,
          nicolae_triple_integral
Snake:4:  hellmonk_snake_rune_quicksilver_temple, layout_cave_shapes,
          uniq_vashnia
Slime:1:  layout_caves
Slime:2:  layout_caves, nicolae_slime_phagocytosis
Slime:3:  layout_caves, nicolae_slime_welcoming_committee
Slime:4:  layout_caves
Slime:5
Orc:1:    layout_caves
Orc:2:    st_orc_rangers, layout_caves, serial_shops, shop
Elf:1:    minmay_the_grid_triangle_9x9_rhombus_thin
          [minmay_the_grid_triangle_9x9_zippers_vertical,
          minmay_the_grid_triangle_9x9_prize_schism,
          minmay_the_grid_triangle_9x9_empty,
          minmay_the_grid_triangle_9x9_cache], layout_loops_corners,
          basic_altar, minivault_28
Elf:2:    nicolae_elf_blades_splatter_lattice [nicolae_blade_bullseye],
          layout_geoelf_grid, nicolae_elf_variegated_diamond
Elf:3:    minmay_elf_hall_dome, layout_loops_corners, serial_shops, shop_statue,
          serial_co_window_serial, co_window_paths_b, co_window_paths_b,
          co_window_paths_b, co_window_paths_a, co_window_corner_a,
          co_window_corner_cb, co_window_corner_b, co_window_of_opportunity_b,
          glass_columns_b, glass_columns_b, glass_columns_c, glass_columns_b,
          glass_columns_b, nicolae_trove_entry_columns, st_stairs_8,
          grunt_ministairs_2
Vaults:1: nicolae_vaults_offset_grid_hallway_1, nicolae_vaults_big_ls,
          nicolae_vaults_double_plus_3, v_misc_10, nicolae_vaults_tetromino_T_2,
          v_misc_23, vaults_room_hangedman_quadrants, v_misc_28,
          vaults_dpeg_diagonal, nicolae_vaults_tetromino_T_1, vaults_dpeg_hooks,
          layout_vaults_big_cross
Vaults:2: infiniplex_enter_wizlab_glasses, ontoclasm_vaults_twist,
          nicolae_vaults_gold_heap, v_misc_5, nicolae_vaults_storage_closets_2,
          vaults_room_corners, layout_vaults_omnigrid, serial_shops,
          nicolae_shop_tiny_statue_garden, nicolae_shop_getting_attention,
          nicolae_shop_mannequins
Vaults:3: v_misc_25, nicolae_vaults_cornered_office,
          nicolae_vaults_fighting_squares, nicolae_vaults_cornered_office,
          v_misc_3, vaults_mumra_hexcomb, nicolae_vaults_trapezoid_2,
          vaults_room_large_hall, nicolae_vaults_big_angled_halls,
          nicolae_vaults_surprise_closet, vaults_room_pool, grunt_vaults_focal,
          layout_vaults_maze_snakey, minmay_crypt_entry_necro_gods,
          serial_shops, nicolae_shop_behind_doors,
          nicolae_shop_tiny_statue_garden, shop, nicolae_shop_gaudy_bauble,
          nicolae_diamond_shop, uniq_zenata, uniq_sojobo
Vaults:4: gammafunk_ghost_mausoleum, vaults_room_stairs_pillars,
          nicolae_vaults_hexular_roomagon, nicolae_vaults_specimen_jars,
          nicolae_vaults_border_crossing, nicolae_vaults_trapezoid_lopsided_2,
          nicolae_vaults_tetromino_Z_2, nicolae_vaults_tetromino_T_1,
          nicolae_vaults_puzzle_piece, ontoclasm_vaults_hangar,
          hangedman_vaults_stream, v_rooms_2, v_pattern_3,
          vaults_standard_mumra_enter_the_diamond, layout_vaults_ring,
          serial_shops, bzr_entry_customers, nicolae_shop_statue_plus,
          nicolae_shop_just_a_little_nook, shop_statue, nicolae_shop_crystal,
          uniq_frederick
Vaults:5: serial_shops, uniq_mara, uniq_boris
Crypt:1:  minmay_guarded_unrand_majin_bo, layout_misc_corridors,
          wad_floor_pattern_untrapped, uniq_bai_suzhen
Crypt:2:  layout_regular_city
Crypt:3:  due_elkab, layout_chaotic_city, tomb_entry_simple_bobbens,
          uniq_margery
Tomb:1
Tomb:2
Tomb:3:   uniq_mennas
Depths:1: layout_cave_pools, grunt_hell_horde, chequers_hall_statues_wall_a,
          nicolae_ru_sacrificial_ziggurat, grunt_megastairs_3, uniq_asterion
Depths:2: minmay_distorted_concentric_squares, layout_gridville,
          enter_ziggurat_b, minmay_room_of_horrors, serial_bayou_pond_c,
          serial_shops, nicolae_stop_n_shop_1, hell_entry,
          rand_demon_pan_entry_9
Depths:3: cheibrodos_birdhouse, layout_gridville, hangedman_coc_ice_floe,
          abyss_entry_crystal, hangedman_blasphemy, serial_bayou_shore_b,
          serial_bayou_shore_b, infiniplex_staircase_zigzag_5
Depths:4: evilmike_zot_entry_diamond, layout_gridlike, rand_demon_pan_entry_7,
          grunt_decor_cap, pf_hell_entry_tar_river, uniq_xtahua
Hell
Dis:1:    layout_gridville
Dis:2:    layout_gridville, nicolae_dis_step_into_the_octagon
Dis:3:    layout_subdivisions
Dis:4:    layout_gridville
Dis:5:    layout_regular_city
Dis:6:    layout_jigsaw
Dis:7:    dis_st
Geh:1:    nicolae_geh_symmetric_flows, layout_gehenna_pools_triple
Geh:2:    layout_gehenna_lava_caves
Geh:3:    layout_gehenna_pools_basic
Geh:4:    nicolae_hells_demon_pit, layout_gehenna_pools_triple
Geh:5:    layout_gehenna_pools_triple
Geh:6:    layout_gehenna_lava_caves
Geh:7:    geh_grunt_pentagon
Coc:1:    layout_ice_bergs
Coc:2:    layout_ice_bergs
Coc:3:    layout_ice_bergs
Coc:4:    layout_cocytus_water_paths
Coc:6:    layout_ice_bergs
Coc:7:    coc_grunt
Tar:1:    layout_honeycomb
Tar:2:    layout_cathedral_of_symmetry
Tar:3:    layout_cathedral_of_symmetry
Tar:4:    layout_catacombs
Tar:5:    layout_honeycomb, nicolae_hells_fiendish_ambush
Tar:6:    layout_honeycomb, nicolae_tar_cuneiform_oil,
          nicolae_tar_cuneiform_to_be, nicolae_hells_seeping_fissure
Tar:7:    tar_grunt_cathedral
Zot:1:    layout_onion_interference, guppyfry_library_mini
Zot:2:    layout_gridville
Zot:3:    layout_gridlike
Zot:4:    layout_misc_corridors, uniq_grunn
Zot:5:    layout_gridlike

Skill      XL: |  1  2  3  4  5  6  7  8  9 10 11 12 13 14 15 16 17 18 19 20 21 22 23 24 25 26 27 |
---------------+----------------------------------------------------------------------------------+-----
Earth Magic    | 4 5 6 7 9 10 11 12 14 15 19 23 26 27 | 27.0
Conjurations   | 2 3 4 5 7 8 9 12 14 27 | 27.0
Spellcasting   | 3 4 5 6 7 8 9 10 11 12 13 14 16 27 | 27.0
Fighting       | 2 4 5 7 8 9 10 13 14 16 27 | 27.0
Polearms       | 1 14 | 14.6
Dodging        | 2 4 6 7 8 10 11 13 24 | 24.9
Stealth        | 3 5 6 7 8 10 27 | 27.0
Evocations     | 1 3 27 | 27.0
Poison Magic   | 1 |  1.2
Air Magic      | 2 |  2.5
Maces & Flails | 1 |  1.0
Armour         | 5 6 7 11 12 14 27 | 27.0
Transmutations | 3 5 19 | 19.5
Shields        | 2 5 10 26 | 26.5
Fire Magic     | 3 11 15 18 19 20 27 | 27.0
Translocations | 3 5 |  5.0
Ice Magic      | 2 6 9 27 | 27.0
Throwing       | 1 15 | 15.9
Necromancy     | 22 | 22.8
Staves         | 6 |  6.1
Short Blades   | |  0.8

Action                     |  1- 3 |  4- 6 |  7- 9 | 10-12 | 13-15 | 16-18 | 19-21 | 22-24 | 25-27 || total
---------------------------+-------+-------+-------+-------+-------+-------+-------+-------+-------++-------
  Melee: Trident           |       |     1 |    74 |    46 |    79 |     5 |       |       |       ||   205
         Demon whip        |       |       |       |    21 |       |       |       |       |       ||    21
         Staff             |       |       |       |       |     3 |     2 |       |    15 |   549 ||   569
         Long sword        |       |       |       |       |       |       |     2 |       |       ||     2
         Lance             |       |       |       |       |       |       |       |       |   982 ||   982
         Trishula          |       |       |       |       |       |       |       |       |    86 ||    86
  Throw: Dart              |       |       |     2 |       |       |       |       |       |       ||     2
         Javelin           |       |       |       |       |       |       |       |       |     8 ||     8
   Cast: Sandblast         |    39 |    83 |   164 |    69 |   447 |    17 |       |       |       ||   819
         Stone Arrow       |     1 |     7 |    58 |   216 |   213 |   103 |     1 |       |     3 ||   602
         Iron Shot         |       |       |       |       |   199 |   607 |   553 |   237 |   462 ||  2058
         Fireball          |       |       |       |       |       |    28 |       |       |       ||    28
         Iskenderun's Batt |       |       |       |       |       |     3 |     3 |       |     1 ||     7
         Irradiate         |       |       |       |       |       |     9 |       |       |     4 ||    13
         Ignition          |       |       |       |       |       |     4 |    88 |    26 |   520 ||   638
         Blink             |       |       |       |       |       |     2 |     1 |       |     4 ||     7
         Shatter           |       |       |       |       |       |       |    24 |   204 |  1360 ||  1588
         Necromutation     |       |       |       |       |       |       |       |       |   328 ||   328
         Fire Storm        |       |       |       |       |       |       |       |       |   281 ||   281
         Ozocubu's Refrige |       |       |       |       |       |       |       |       |   261 ||   261
         Polar Vortex      |       |       |       |       |       |       |       |       |    58 ||    58
         Borgnjor's Vile C |       |       |       |       |       |       |       |       |    15 ||    15
         Death's Door      |       |       |       |       |       |       |       |       |     1 ||     1
Ability: End Transformatio |       |       |       |       |       |       |       |       |    11 ||    11
         Evoke Blink       |       |       |       |       |       |       |       |       |     2 ||     2
  Evoke: Wand              |       |       |       |       |     9 |     5 |     4 |       |    22 ||    40
         Lightning rod     |       |       |       |       |       |       |       |       |     4 ||     4
         Figurine of a zig |       |       |       |       |       |       |       |       |     2 ||     2
         Phial of floods   |       |       |       |       |       |       |       |       |     1 ||     1
    Use: Scroll            |       |     2 |    10 |    14 |    11 |     6 |    14 |     3 |    52 ||   112
         Potion            |       |       |       |     8 |       |     5 |     7 |     3 |    92 ||   115
   Stab: Sleeping          |       |       |     5 |       |     1 |       |       |       |    10 ||    16
         Invisible         |       |       |       |     1 |       |       |       |       |       ||     1
         Distracted        |       |       |       |       |       |       |       |       |     8 ||     8
 Armour: Robe              |     3 |    21 |    98 |       |       |     4 |    36 |       |       ||   162
         Steam dragon scal |       |       |       |    50 |       |       |       |       |       ||    50
         Troll leather arm |       |       |       |    12 |       |       |       |       |       ||    12
         Ice dragon scales |       |       |       |    38 |   599 |   290 |   162 |       |       ||  1089
         Fire dragon scale |       |       |       |       |       |       |     5 |   199 |  1165 ||  1369
         Skin              |       |       |       |       |       |       |       |       |    14 ||    14
  Dodge: Dodged            |    10 |    24 |   116 |   143 |   506 |   144 |   112 |   107 |   829 ||  1991
  Block: Buckler           |       |       |       |       |       |    69 |    43 |    23 |       ||   135
         Kite shield       |       |       |       |       |       |       |       |    99 |   388 ||   487
         Tower shield      |       |       |       |       |       |       |       |       |  1649 ||  1649
Riposte: Staff             |       |       |       |       |       |       |       |       |   244 ||   244
         Lance             |       |       |       |       |       |       |       |       |   234 ||   234
         Trishula          |       |       |       |       |       |       |       |       |    10 ||    10
